Workbook

Sheet RESUMEN
B2: FORTALECIMIENTO DE LOS PROCESOS PRODUCTIVOS EN CULTIVOS DE CEREALES, FORRAJES Y HORTALIZAS PARA PEQUEÑOS PRODUCTORES DE LA SUBREGIÓN SABANA DEL DEPARTAMENTO DE NARIÑO.
B3: OBJETIVO ESPECIFICO | C3: PRODUCTO | D3: RESULTADOS | E3: N° | F3: ACTIVIDADES | G3: INSUMOS/ MAQUINARIA | H3: ACOMPAÑAMIENTO TECNICO | J3: ENCUENTROS Y ECA´s | K3: GASTOS ADMINISTRATIVOS | M3: CONT. PARTICIPANTES | N3: CONT. ALCALDIAS | O3: VALOR SOLICITADO A SGR | P3: VALOR TOTAL INVERSIÓN
B4: CONTRATACIÓN DE PERSONAL PARA LA EJECUCIÓN DEL PROYECTO | E4: 0.0 | F4: realización de contratación de personal calificado para la operación y supervisión del proyecto
B5: 1. Objetivo Especifico. Facilitar el acceso a herramientas y mecanismos agrícolas, que permitan la preparación de los suelos para 360 pequeños productores de la subregión Sabana. | C5: 1.1 Producto | D5: 4 municipios de la subregión Sabana beneficiados con dotación de bancos de maquinaria agrícola para alquiler a bajo costo y paquete tecnologico con 6 parcelas demostrativas para adelantar procesos productivos de cereales, forrajes y hortalizas. | E5: 1.1.1 | F5: socialización de ejecución del proyecto con las organizaciones participantes de los 4 municipios priorizados | H5: =+'PRESUPUESTO GENERAL'!E25*5.5% -> 4498163.6 | I5: =+H5/H24 -> 0.055 | J5: =+ECAS!G14 -> 1080000 | K5: =+('PRESUPUESTO GENERAL'!E28+'PRESUPUESTO GENERAL'!E6+'PRESUPUESTO GENERAL'!E30)*1.75% -> 1579510.9 | L5: =+K5/K24 -> 0.0175 | O5: =SUM(G5,H5,J5,K5) -> 7157674.6 | P5: =SUM(M5:O5) -> 7157674.6
E6: 1.1.2 | F6: Verificación de predios facilitados por asociaciones participantes para adelantar procesos productivos y demostrativos para las escuelas de campo (ECA´s), 6 Hectareas por Municipio. | H6: =+'PRESUPUESTO GENERAL'!E25*7% -> 5724935.5 | I6: =+H6/H24 -> 0.07 | K6: =+('PRESUPUESTO GENERAL'!E28+'PRESUPUESTO GENERAL'!E6+'PRESUPUESTO GENERAL'!E30)*0.65% -> 586675.49 | L6: =+K6/K24 -> 0.0065 | O6: =SUM(G6,H6,J6,K6) -> 6311611 | P6: =SUM(M6:O6) -> 6311611
E7: 1.1.3 | F7: verificación y adecuación depositos municipales para el resguardo de los bancos de maquinaria verde. | H7: =+'PRESUPUESTO GENERAL'!E25*7% -> 5724935.5 | I7: =+H7/H24 -> 0.07 | K7: =+('PRESUPUESTO GENERAL'!E28+'PRESUPUESTO GENERAL'!E6+'PRESUPUESTO GENERAL'!E30)*0.47% -> 424211.51 | L7: =+K7/K24 -> 0.0047 | O7: =SUM(G7,H7,J7,K7) -> 6149147.1 | P7: =SUM(M7:O7) -> 6149147.1
E8: 1.1.4 | F8: Dotación de maquinaria para la preparación de suelos agricolas en lineas productivas de cereales, forrajes y hortalizas, como rastrillo, surcadora, arado, remolque, corta pastos y silopack para cada uno de los 4 bancos de maquinaria agrícola. | G8: =+'PRESUPUESTO GENERAL'!E48 -> 0 | H8: =+'PRESUPUESTO GENERAL'!E25*5.5% -> 4498163.6 | I8: =+H8/H24 -> 0.055 | K8: 7220621.6 | L8: =+K8/K24 -> 0.080000001 | O8: =SUM(G8,H8,J8,K8) -> 11718785 | P8: =SUM(M8:O8) -> 11718785
E9: 1.1.5 | F9: Aporte de combustibles para el funcionamiento de la maquinaria durante los 3 primeros meses de ejecución por parte del proyecto | G9: =+'PRESUPUESTO GENERAL'!E5 -> 22058400 | H9: =+'PRESUPUESTO GENERAL'!E25*5.5% -> 4498163.6 | I9: =+H9/H24 -> 0.055 | K9: =+('PRESUPUESTO GENERAL'!E28+'PRESUPUESTO GENERAL'!E6+'PRESUPUESTO GENERAL'!E30)*2.3% -> 2075928.7 | L9: =+K9/K24 -> 0.023 | O9: =SUM(G9,H9,J9,K9) -> 28632492 | P9: =SUM(M9:O9) -> 28632492
E10: 1.1.6 | F10: Dotación de insumos y herramientas basicas para adelantar procesos productivos en las parcelas demostrativas de papa, cebolla de bulbo, maiz, cebada, trigo y forrajes. | G10: =+'PRESUPUESTO GENERAL'!E16 -> 1.2651042e+08 | H10: 6133859 | I10: =+H10/H24 -> 0.074999995 | K10: =+('PRESUPUESTO GENERAL'!E28+'PRESUPUESTO GENERAL'!E6+'PRESUPUESTO GENERAL'!E30)*9.95% -> 8980647.9 | L10: =+K10/K24 -> 0.0995 | O10: =SUM(G10,H10,J10,K10) -> 1.4162493e+08 | P10: =SUM(M10:O10) -> 1.4162493e+08
E11: 1.1.7 | F11: Apoyo a la supervision general. (producto 1: servicio de apoyo para acceso a maquinaria y equipos) | K11: 0 | O11: 37608368 | P11: =SUM(M11:O11) -> 37608368
B12: 2. Objetivo especifico. Implementar Prácticas Agronomicas para la preparación del suelo y el mantenimiento de los cultivos de cereales, forrajes y hortalizas, de 360 pequeños productores de la subregión Sabana del departamento de Nariño | C12: 2.1 Producto | D12: 360 pequeños productores con acceso a acompañamiento tecnico e instrucción profesional que les permitan implementar practicas agronomicas adecuadas para optimizar la producción de cereales, forrajes y hortalizas, en la subregión Sabana, del departamento de Nariño | E12: 2.1.1 | F12: Visita de campo a fincas de participantes, verificación de plan operativo y caracterización cultivos transitorios relacionados con Hortalizas, cereales y forrajes. | H12: =+'PRESUPUESTO GENERAL'!E17*6.5% -> 0 | I12: =+H12/H24 -> 0 | K12: =+('PRESUPUESTO GENERAL'!E28+'PRESUPUESTO GENERAL'!E6+'PRESUPUESTO GENERAL'!E30)*0.58% -> 523495.05 | L12: =+K12/K24 -> 0.0058 | O12: =SUM(G12,H12,J12,K12) -> 523495.05 | P12: =SUM(M12:O12) -> 523495.05
E13: 2.1.2 | F13: ECA´s demostrativa en manejo y aplicación de maquinaria verde para la preparación del suelo. | H13: =+'PRESUPUESTO GENERAL'!E25*6.5% -> 5316011.6 | I13: =+H13/H24 -> 0.065 | J13: =+ECAS!G54/4 -> 5019120 | K13: =+('PRESUPUESTO GENERAL'!E28+'PRESUPUESTO GENERAL'!E6+'PRESUPUESTO GENERAL'!E30)*13.3% -> 12004283 | L13: =+K13/K24 -> 0.133 | M13: =+'CONT. ORGANIZACIONES'!G8 -> 21200000 | O13: =SUM(G13,H13,J13,K13) -> 22339415 | P13: =SUM(M13:O13) -> 43539415
E14: 2.1.3 | F14: ECA´s demostrativa en manejo agronomico y MIPE (manejo integrado de plagas y enfermedades) del cultivo papa y cebolla de bulbo | H14: =+'PRESUPUESTO GENERAL'!E25*6.5% -> 5316011.6 | I14: =+H14/H24 -> 0.065 | J14: =+J13 -> 5019120 | K14: =+('PRESUPUESTO GENERAL'!E28+'PRESUPUESTO GENERAL'!E6+'PRESUPUESTO GENERAL'!E30)*13.3% -> 12004283 | L14: =+K14/K24 -> 0.133 | M14: =+M13 -> 21200000 | O14: =SUM(G14,H14,J14,K14) -> 22339415 | P14: =SUM(M14:O14) -> 43539415
E15: 2.1.4 | F15: ECA´s demostrativa en manejo agronomico y MIPE (manejo integrado de plagas y enfermedades) del cultivo cereales: Maiz, cebada y Trigo | H15: =+'PRESUPUESTO GENERAL'!E25*6.5% -> 5316011.6 | I15: =+H15/H24 -> 0.065 | J15: =+J13 -> 5019120 | K15: =+('PRESUPUESTO GENERAL'!E28+'PRESUPUESTO GENERAL'!E6+'PRESUPUESTO GENERAL'!E30)*13.3% -> 12004283 | L15: =+K15/K24 -> 0.133 | M15: ='[1]PRESUPUESTO GENERAL'!H17 -> 21200000 | O15: =SUM(G15,H15,J15,K15) -> 22339415 | P15: =SUM(M15:O15) -> 43539415
E16: 2.1.5 | F16: ECA´s demostrativa en manejo agronomico y MIPE (manejo integrado de plagas y enfermedades) en forrajes y practica de Ensilaje mecanico. | H16: =+'PRESUPUESTO GENERAL'!E25*6.5% -> 5316011.6 | I16: =+H16/H24 -> 0.065 | J16: =+J13 -> 5019120 | K16: =+('PRESUPUESTO GENERAL'!E28+'PRESUPUESTO GENERAL'!E6+'PRESUPUESTO GENERAL'!E30)*13.3% -> 12004283 | L16: =+K16/K24 -> 0.133 | M16: =+M13 -> 21200000 | O16: =SUM(G16,H16,J16,K16) -> 22339415 | P16: =SUM(M16:O16) -> 43539415
E17: 2.1.6 | F17: acompañamiento tecnico a las organizaciones, sobre labores de preparación del suelo para establecimiento de cultivos de hortalizas, cereales y forrajes | H17: =+'PRESUPUESTO GENERAL'!E25*6.5% -> 5316011.6 | I17: =+H17/H24 -> 0.065 | K17: =+('PRESUPUESTO GENERAL'!E28+'PRESUPUESTO GENERAL'!E6+'PRESUPUESTO GENERAL'!E30)*9.81% -> 8854287 | L17: =+K17/K24 -> 0.0981 | M17: =+M13 -> 21200000 | N17: =+'CONT. ALCALDIAS'!G27 -> 54471349 | O17: =SUM(G17,H17,J17,K17) -> 14170299 | P17: =SUM(M17:O17) -> 89841648
E18: 2.1.7 | F18: verificación de cumplimiento sobre planes de alquiler o arrendamiento de maquinaria | H18: =+'PRESUPUESTO GENERAL'!E25*6.5% -> 5316011.6 | I18: =+H18/H24 -> 0.065 | K18: =+('PRESUPUESTO GENERAL'!E28+'PRESUPUESTO GENERAL'!E6+'PRESUPUESTO GENERAL'!E30)*3.3% -> 2978506.3 | L18: =+K18/K24 -> 0.033 | M18: =+M13 -> 21200000 | O18: =SUM(G18,H18,J18,K18) -> 8294517.9 | P18: =SUM(M18:O18) -> 29494518
E19: 2.1.8 | F19: acompañamiento tecnico a las organizaciones, sobre labores mantenimiento y sanidad vegetal sobre cultivos de hortalizas (papa, cebolla de bulbo), cereales (maiz, trigo, cebada) y forrajes (pasturas) manejo de residuos solidos | H19: =+'PRESUPUESTO GENERAL'!E25*6.5% -> 5316011.6 | I19: =+H19/H24 -> 0.065 | K19: =+('PRESUPUESTO GENERAL'!E28+'PRESUPUESTO GENERAL'!E6+'PRESUPUESTO GENERAL'!E30)*0.75% -> 676933.26 | L19: =+K19/K24 -> 0.0075 | O19: =SUM(G19,H19,J19,K19) -> 5992944.8 | P19: =SUM(M19:O19) -> 5992944.8
E20: 2.1.9 | F20: acompañamiento tecnico para adelantar labores de cosecha y poscosecha de cultivos de hortalizas (papa, cebolla de bulbo), cereales (maiz, trigo, cebada) y forrajes (pasturas) | H20: =+'PRESUPUESTO GENERAL'!E25*6.5% -> 5316011.6 | I20: =+H20/H24 -> 0.065 | K20: =+('PRESUPUESTO GENERAL'!E28+'PRESUPUESTO GENERAL'!E6+'PRESUPUESTO GENERAL'!E30)*0.75% -> 676933.26 | L20: =+K20/K24 -> 0.0075 | O20: =SUM(G20,H20,J20,K20) -> 5992944.8 | P20: =SUM(M20:O20) -> 5992944.8
E21: 2.1.10 | F21: Taller para la asesoria tecnica en procesos de fortalecimiento socio empresarial, contabilidad basica. | H21: =+'PRESUPUESTO GENERAL'!E25*5% -> 4089239.7 | I21: =+H21/H24 -> 0.05 | J21: =+ECAS!G55 -> 3323520 | K21: =+('PRESUPUESTO GENERAL'!E28+'PRESUPUESTO GENERAL'!E6+'PRESUPUESTO GENERAL'!E30)*6.74% -> 6083373.6 | L21: =+K21/K24 -> 0.0674 | O21: =SUM(G21,H21,J21,K21) -> 13496133 | P21: =SUM(M21:O21) -> 13496133
E22: 2.1.11 | F22: socialización liquidación del proyecto con participantes de los 4 municipios priorizados | H22: =+'PRESUPUESTO GENERAL'!E25*5% -> 4089239.7 | I22: =+H22/H24 -> 0.05 | J22: =+ECAS!G57 -> 1080000 | K22: =+('PRESUPUESTO GENERAL'!E28+'PRESUPUESTO GENERAL'!E6+'PRESUPUESTO GENERAL'!E30)*1.75% -> 1579510.9 | L22: =+K22/K24 -> 0.0175 | O22: =SUM(G22,H22,J22,K22) -> 6748750.6 | P22: =SUM(M22:O22) -> 6748750.6
B23: APOYO A LA SUPERVISIÓN | E23: 2.1.12 | F23: apoyo a la supervisión general. (producto 2: servicio de asistencia tecnica agropecuaria dirigida a pequeños productores) | O23: 18030252 | P23: =SUM(M23:O23) -> 18030252
F24: TOTAL INVERSION | G24: =SUM(G4:G23) -> 1.4856882e+08 | H24: =SUM(H4:H23) -> 81784793 | I24: =SUM(I4:I23) -> 1 | J24: =SUM(J4:J22) -> 25560000 | K24: =SUM(K4:K23) -> 90257768 | L24: =SUM(L4:L23) -> 1 | M24: =SUM(M4:M22) -> 1.272e+08 | N24: =SUM(N4:N22) -> 54471349 | O24: =SUM(O4:O23) -> 4.0181e+08 | P24: =SUM(P4:P23) -> 5.8348135e+08
H26: =+'PRESUPUESTO GENERAL'!E25 -> 81784793 | J26: ok | K26: =+'PRESUPUESTO GENERAL'!E28 -> 86629577 | M26: ok | N26: ok | O26: =+'PRESUPUESTO GENERAL'!E44 -> 0 | P26: =+'PRESUPUESTO GENERAL'!E42 -> 0
H27: ok | K27: ok
O28: =+O26-O24 -> -4.0181e+08 | P28: =+P26-P24 -> -5.8348135e+08
K29: =+'PRESUPUESTO GENERAL'!E6 -> 1038000
K30: =+'PRESUPUESTO GENERAL'!E30 -> 2590191.2
K32: =+K26+K29+K30 -> 90257768
K33: OK
K34: =+K24-K32 -> 0.14400004

Sheet CROMOGRAMA
B1: CRONOGRAMA DE ACTIVIDADES | H1: FORTALECIMIENTO DE LOS PROCESOS PRODUCTIVOS EN CULTIVOS DE CEREALES, FORRAJES Y HORTALIZAS PARA PEQUEÑOS PRODUCTORES DE LA SUBREGIÓN SABANA DEL DEPARTAMENTO DE NARIÑO.
B2: OBJETIVO ESPECIFICO | C2: PRODUCTO | D2: RESULTADOS | E2: N° | F2: ACTIVIDADES | G2: MES 1 | H2: MES 2 | I2: MES 3 | J2: MES 4 | K2: MES 5 | L2: MES 6 | M2: MES 7 | N2: MES 8 | O2: MES 9 | P2: MES 10 | S2: El cronograma esta planteado para 12 meses y en los estudios previos en 2.5. PLAZO Y VIGENCIA DEL CONTRATO, Esta planteado para un término de 10 meses.
B3: CONTRATACIÓN DE PERSONAL PARA LA EJECUCIÓN DEL PROYECTO | E3: 0.0 | F3: realización de contratación de personal calificado para la operación y supervisión del proyecto
B4: 1. Objetivo Especifico. Facilitar el acceso a herramientas y mecanismos agrícolas, que permitan la preparación de los suelos para 360 pequeños productores de la subregión Sabana. | C4: 1.1 Producto | D4: 4 municipios de la subregión Sabana beneficiados con dotación de bancos de maquinaria agrícola para alquiler a bajo costo y paquete tecnologico con 6 parcelas demostrativas para adelantar procesos productivos de cereales, forrajes y hortalizas. | E4: 1.1.1 | F4: socialización de ejecución del proyecto con las organizaciones participantes de los 4 municipios priorizados
E5: 1.1.2 | F5: Verificación de predios facilitados por asociaciones participantes para adelantar procesos productivos y demostrativos para las escuelas de campo (ECA´s), 6 Hectareas por Municipio.
E6: 1.1.3 | F6: verificación y adecuación depositos municipales para el resguardo de los bancos de maquinaria verde.
E7: 1.1.4 | F7: Dotación de maquinaria para la preparación de suelos agricolas en lineas productivas de cereales, forrajes y hortalizas, como rastrillo, surcadora, arado, remolque, corta pastos y silopack para cada uno de los 4 bancos de maquinaria agrícola.
E8: 1.1.5 | F8: Aporte de combustibles para el funcionamiento de la maquinaria durante los 3 primeros meses de ejecución por parte del proyecto
E9: 1.1.6 | F9: Dotación de insumos y herramientas basicas para adelantar procesos productivos en las parcelas demostrativas de papa, cebolla de bulbo, maiz, cebada, trigo y forrajes.
E10: 1.1.7 | F10: Apoyo a la supervision general. (producto 1: servicio de apoyo para acceso a maquinaria y equipos)
B11: 2. Objetivo especifico. Implementar Prácticas Agronomicas para la preparación del suelo y el mantenimiento de los cultivos de cereales, forrajes y hortalizas, de 360 pequeños productores de la subregión Sabana del departamento de Nariño | C11: 2.1 Producto | D11: 360 pequeños productores con acceso a acompañamiento tecnico e instrucción profesional que les permitan implementar practicas agronomicas adecuadas para optimizar la producción de cereales, forrajes y hortalizas, en la subregión Sabana, del departamento de Nariño | E11: 2.1.1 | F11: Visita de campo a fincas de participantes, verificación de plan operativo y caracterización cultivos transitorios relacionados con Hortalizas, cereales y forrajes.
E12: 2.1.2 | F12: ECA´s demostrativa en manejo y aplicación de maquinaria verde para la preparación del suelo.
E13: 2.1.3 | F13: ECA´s demostrativa en manejo agronomico y MIPE (manejo integrado de plagas y enfermedades) del cultivo papa y cebolla de bulbo
E14: 2.1.4 | F14: ECA´s demostrativa en manejo agronomico y MIPE (manejo integrado de plagas y enfermedades) del cultivo cereales: Maiz, cebada y Trigo
E15: 2.1.5 | F15: ECA´s demostrativa en manejo agronomico y MIPE (manejo integrado de plagas y enfermedades) en forrajes y practica de Ensilaje mecanico.
E16: 2.1.6 | F16: acompañamiento tecnico a las organizaciones, sobre labores de preparación del suelo para establecimiento de cultivos de hortalizas, cereales y forrajes
E17: 2.1.7 | F17: verificación de cumplimiento sobre planes de alquiler o arrendamiento de maquinaria
E18: 2.1.8 | F18: acompañamiento tecnico a las organizaciones, sobre labores mantenimiento y sanidad vegetal sobre cultivos de hortalizas (papa, cebolla de bulbo), cereales (maiz, trigo, cebada) y forrajes (pasturas), manejo de residuos solidos
E19: 2.1.9 | F19: acompañamiento tecnico para adelantar labores de cosecha y poscosecha de cultivos de hortalizas (papa, cebolla de bulbo), cereales (maiz, trigo, cebada) y forrajes (pasturas)
E20: 2.1.10 | F20: Taller para la asesoria tecnica en procesos de fortalecimiento socio empresarial, contabilidad basica.
E21: 2.1.11 | F21: socialización liquidación del proyecto con participantes de los 4 municipios priorizados
E22: 2.1.12 | F22: apoyo a la supervisión general. (producto 2: servicio de asistencia tecnica agropecuaria dirigida a pequeños productores)

Sheet PRESUPUESTO GENERAL
A1: FORTALECIMIENTO DE LOS PROCESOS PRODUCTIVOS EN CULTIVOS DE CEREALES, FORRAJES Y HORTALIZAS PARA PEQUEÑOS PRODUCTORES DE LA SUBREGIÓN SABANA DEL DEPARTAMENTO DE NARIÑO.
B2: MAQUINARIA VERDE - COMBUSTIBLE
A3: DETALLE | B3: CANTIDAD | C3: VALOR UNIT | D3: VALOR PARCIAL | E3: VALOR SOLICITADO SGR | F3: % INVERSION | G3: VALOR CONTR. PARTICPANTES | H3: % INVERSION | I3: VALOR CONTR. ALCALDIAS | J3: % INVERSION
A5: COMBUSTIBLE (DIESEL*3MESES) | B5: 4 | C5: =+'CONT. ALCALDIAS'!G11 -> 5514600 | D5: =+B5*C5 -> 22058400 | E5: =+D5 -> 22058400 | F5: =(E5*100%)/E33 -> 0.063721039 | G5: 0 | H5: 0 | I5: 0 | J5: 0
A6: ANALISIS DE SUELOS: Teniendo en cuenta el tipo de cultivos a implementar el estudio de suelos deberá analizar: Propiedades Físicas y químicas del Suelo; Composición química, saturación de bases y relaciones iónicas; Fertilización Edáfica y foliar. | B6: 12 | C6: 86500 | D6: =+B6*C6 -> 1038000 | E6: =+D6 -> 1038000 | F6: =(E6*100%)/E33 -> 0.0029985148 | G6: 0 | H6: 0 | I6: 0 | J6: 0
A7: SUBTOTAL | C7: =SUM(C5:C6) -> 5601100 | D7: =SUM(D5:D6) -> 23096400 | E7: =SUM(E5:E6) -> 23096400 | F7: =SUM(F5:F6) -> 0.066719554 | G7: =SUM(G5:G6) -> 0 | H7: =SUM(H5:H6) -> 0 | I7: =SUM(I5:I6) -> 0 | J7: =SUM(J5:J6) -> 0
C8: INSUMOS PARCELAS DEMOSTRATIVAS
B9: CANTIDAD | C9: PARCELA (5.000m2) | D9: VALOR PARCIAL | E9: VALOR SOLICITADO SGR | F9: % INVERSION | G9: VALOR CONTR. ORGANIZACIONES | H9: % INVERSION | I9: VALOR CONTR. ALCALDIAS | J9: % INVERSION
A10: PARCELA PAPA (1/2has) | B10: 4 | C10: =+'IN. PAPA.'!G43 -> 8614766.7 | D10: =+'IN. PAPA.'!H43 -> 34459067 | E10: =+B10*C10 -> 34459067 | F10: =(E10*100%)/E33 -> 0.099543373 | G10: ='CONT. ORGANIZACIONES'!G8 -> 21200000 | H10: =(G10*100%)/G31 -> 0.16666667 | I10: 0 | J10: =(I10*100%)/I31 -> 0
A11: PARCELA CEBOLLA BULBO (1/2 has) | B11: 4 | C11: ='IN. CEBOLLA B. '!$G$53 -> 7505271.3 | D11: =+'IN. CEBOLLA B. '!H53 -> 30021085 | E11: =+B11*C11 -> 30021085 | F11: =(E11*100%)/E33 -> 0.086723187 | G11: ='CONT. ORGANIZACIONES'!G9 -> 21200000 | H11: =(G11*100%)/G31 -> 0.16666667 | I11: 0 | J11: =(I11*100%)/I31 -> 0
A12: PARCELA MAIZ (1/2) | B12: 4 | C12: ='IN. MAIZ.'!$G$45 -> 5292600 | D12: =+'IN. MAIZ.'!H45 -> 21170400 | E12: =+B12*C12 -> 21170400 | F12: =(E12*100%)/E33 -> 0.061155836 | G12: ='CONT. ORGANIZACIONES'!G10 -> 21200000 | H12: =(G12*100%)/G31 -> 0.16666667 | I12: 0 | J12: =(I12*100%)/I31 -> 0
A13: PARCELA CEBADA (1/2Has) | B13: 4 | C13: ='IN. CEBADA.'!$G$42 -> 4371033.3 | D13: =+'IN. CEBADA.'!H42 -> 17484133 | E13: =+B13*C13 -> 17484133 | F13: =(E13*100%)/E33 -> 0.05050716 | G13: ='CONT. ORGANIZACIONES'!G11 -> 21200000 | H13: =(G13*100%)/G31 -> 0.16666667 | I13: 0 | J13: =(I13*100%)/I31 -> 0
A14: PARCELA TRIGO (1/2Has) | B14: 4 | C14: ='IN. TRIGO.'!$G$43 -> 4135800 | D14: =+'IN. TRIGO.'!H43 -> 16543200 | E14: =+B14*C14 -> 16543200 | F14: =(E14*100%)/E33 -> 0.047789046 | G14: ='CONT. ORGANIZACIONES'!G12 -> 21200000 | H14: =(G14*100%)/G31 -> 0.16666667 | I14: 0 | J14: =(I14*100%)/I31 -> 0
A15: PARCELA FORRAJES (1/2Has) | B15: 4 | C15: ='IN. FORRAJE.'!$G$34 -> 1708133.3 | D15: =+'IN. FORRAJE.'!H34 -> 6832533.3 | E15: =+B15*C15 -> 6832533.3 | F15: =(E15*100%)/E33 -> 0.01973743 | G15: ='CONT. ORGANIZACIONES'!G13 -> 21200000 | H15: =(G15*100%)/G31 -> 0.16666667 | I15: 0 | J15: =(I15*100%)/I31 -> 0
A16: SUBTOTAL | E16: =SUM(E10:E15) -> 1.2651042e+08 | F16: =SUM(F10:F15) -> 0.36545603 | G16: =SUM(G10:G15) -> 127200000 | H16: =SUM(H10:H15) -> 1 | I16: =SUM(I10:I15) -> 0 | J16: =SUM(J10:J15) -> 0
B17: MANO DE OBRA CALIFICADA
B18: PROFESIONALES Y/O TECNICOS | C18: VALOR TOTAL/MES | D18: MESES | E18: VALOR SOLICITADO SGR | F18: % INVERSION | G18: VALOR CONTR. ORGANIZACIONES | H18: % INVERSION | I18: VALOR CONTR. ALCALDIAS | J18: % INVERSION
A19: ACOMPAÑAMIENTO TECNICO GUAITARILLA | B19: =+'MANO DE OBRA CALIFICADA'!C5 -> 1 | C19: ='MANO DE OBRA CALIFICADA'!G5 -> 3145569 | D19: =+'MANO DE OBRA CALIFICADA'!D5 -> 6 | E19: ='MANO DE OBRA CALIFICADA'!H5 -> 18873414 | F19: =(E19*100%)/E33 -> 0.054520434 | G19: 0 | H19: 0 | I19: =+'CONT. ALCALDIAS'!G12 -> 13617837 | J19: =(I19*100%)/E33 -> 0.039338426
A20: ACOMPAÑAMIENTO TECNICO IMUES | B20: =+'MANO DE OBRA CALIFICADA'!C6 -> 1 | C20: ='MANO DE OBRA CALIFICADA'!G6 -> 3145569 | D20: =+'MANO DE OBRA CALIFICADA'!D6 -> 6 | E20: ='MANO DE OBRA CALIFICADA'!H6 -> 18873414 | F20: =(E20*100%)/E33 -> 0.054520434 | G20: 0 | H20: 0 | I20: =+I19 -> 13617837 | J20: =(I20*100%)/E33 -> 0.039338426
A21: ACOMPAÑAMIENTO TECNICO OSPINA | B21: =+'MANO DE OBRA CALIFICADA'!C7 -> 1 | C21: ='MANO DE OBRA CALIFICADA'!G7 -> 3145569 | D21: =+'MANO DE OBRA CALIFICADA'!D7 -> 6 | E21: ='MANO DE OBRA CALIFICADA'!H7 -> 18873414 | F21: =(E21*100%)/E33 -> 0.054520434 | G21: 0 | H21: 0 | I21: =+I19 -> 13617837 | J21: =(I21*100%)/E33 -> 0.039338426
A22: ACOMPAÑAMIENTO TECNICO SAPUYES | B22: =+'MANO DE OBRA CALIFICADA'!C8 -> 1 | C22: ='MANO DE OBRA CALIFICADA'!G8 -> 3145569 | D22: =+'MANO DE OBRA CALIFICADA'!D8 -> 6 | E22: ='MANO DE OBRA CALIFICADA'!H8 -> 18873414 | F22: =(E22*100%)/E33 -> 0.054520434 | G22: 0 | H22: 0 | I22: =+I19 -> 13617837 | J22: =(I22*100%)/E33 -> 0.039338426
A23: ACOMPAÑAMIENTO SOCIO-EMPRESARIAL GUAITARILLA E IMUES | B23: =+'MANO DE OBRA CALIFICADA'!C17 -> 1 | C23: ='MANO DE OBRA CALIFICADA'!G17 -> 3145569 | D23: =+'MANO DE OBRA CALIFICADA'!D17 -> 1 | E23: =+'MANO DE OBRA CALIFICADA'!H17 -> 3145569 | F23: =(E23*100%)/E33 -> 0.009086739 | G23: 0 | H23: 0 | I23: 0 | J23: 0
A24: ACOMPAÑAMIENTO SOCIO-EMPRESARIAL OSPINA Y SAPUYES | B24: =+'MANO DE OBRA CALIFICADA'!C18 -> 1 | C24: ='MANO DE OBRA CALIFICADA'!G18 -> 3145569 | D24: =+'MANO DE OBRA CALIFICADA'!D18 -> 1 | E24: =+'MANO DE OBRA CALIFICADA'!H18 -> 3145569 | F24: =(E24*100%)/E33 -> 0.009086739 | G24: 0 | H24: 0 | I24: 0 | J24: 0
A25: SUBTOTAL | C25: =SUM(C19:C22) -> 12582276 | E25: =SUM(E19:E24) -> 81784793 | F25: =SUM(F19:F24) -> 0.23625521 | G25: =SUM(G19:G24) -> 0 | H25: =SUM(H19:H24) -> 0 | I25: =SUM(I19:I24) -> 54471349 | J25: =SUM(J19:J24) -> 0.1573537
B26: GASTOS ADMINISTRATIVOS Y OPERACIONALES
A27: ENCUENTROS CON PARTICIPANTES | E27: =+ECAS!G49 -> 25560000 | F27: =(E27*100%)/E33 -> 0.07383626 | G27: 0 | H27: 0 | I27: 0 | J27: 0
A28: CONTRATACIÓN PROFESIONALES A CARGO COORDINACIÓN Y OPERACIÓN PROYECTO | E28: =+GASTOS_ADMIN!H29 -> 86629577 | F28: =(E28*100%)/E33 -> 0.25025055 | G28: 0 | H28: 0 | I28: 0 | J28: 0
A29: SUBTOTAL | E29: =SUM(E27:E28) -> 1.1218958e+08 | F29: =SUM(F27:F28) -> 0.32408681 | G29: =SUM(G27:G28) -> 0 | H29: =SUM(H27:H28) -> 0 | I29: =SUM(I27:I28) -> 0 | J29: =SUM(J27:J28) -> 0
A30: Costos implementación protocolo de bioseguriad COVID - 19 | E30: =+'Protocolo de Bioseguridad'!F36 -> 2590191.2 | F30: =(E30*100%)/E33 -> 0.0074823956
A31: TOTAL DEL PROYECTO | E31: =SUM(E29,E25,E16,E30,E7) -> 3.4617138e+08 | F31: =SUM(F29,F25,F16,F7,F30) -> 1 | G31: =SUM(G29,G25,G16) -> 127200000 | H31: =SUM(H29,H25,H16) -> 1 | I31: =SUM(I29,I25,I16) -> 54471349 | J31: =SUM(J29,J25,J16) -> 0.1573537
A33: Valor a cofinanciar SGR | E33: =+E31 -> 3.4617138e+08 | F33: =SUM(F25,F29,F16,F7,F30) -> 1
A34: TOTAL DE LA OPERACIÓN | E34: =SUM(E31,G31,I31) -> 5.2784273e+08
L35: =+E25+E28 -> 1.6841437e+08
G37: 3.4617138e+08

Sheet Cuadro comparativo precios
A1: COMPARACIÓN PRECIOS INSUMOS
A3: INFORMACIÓN PROVEEDORES | E3: AGRICOLA SAN JOSE | F3: AGRINAR | G3: AGROTUQUERRES | H3: VALOR PROMEDIO
A4: ITEM | B4: DESCRIPCIÓN | C4: CANTIDAD | D4: UNIDAD | E4: VALOR UNITARIO | F4: VALOR UNITARIO | G4: VALOR UNITARIO
A5: 1 | B5: Carbonato de Calcio y oxido de magnesio,0-9-0-40(CaO) | C5: 424 | D5: bulto (50Kg) | E5: 35000 | F5: 42500 | G5: 47000 | H5: =(E5+F5+G5)/3 -> 41500
A6: 2 | B6: fertilizante compuesto (12-24-12-10-1,5) | C6: 28 | D6: bulto (50Kg) | E6: 152000 | F6: 147000 | G6: 139000 | H6: =(E6+F6+G6)/3 -> 146000
A7: 3 | B7: Fertilizante compuesto (10-11-29-2-5-3) | C7: 28 | D7: bulto (50Kg) | E7: 112000 | F7: 130000 | G7: 139000 | H7: =(E7+F7+G7)/3 -> 127000
A8: 4 | B8: Elementos menores | C8: 24 | D8: bulto (50Kg) | E8: 82000 | F8: 90000 | G8: 110000 | H8: =(E8+F8+G8)/3 -> 94000
A9: 5 | B9: Materia Organica | C9: 240 | D9: bulto (50Kg) | E9: 20000 | F9: 19000 | G9: 22000 | H9: =(E9+F9+G9)/3 -> 20333.333
A10: 6 | B10: fosfato Diamonico | C10: 28 | D10: bulto (50Kg) | E10: 155000 | F10: 166000 | G10: 180000 | H10: =(E10+F10+G10)/3 -> 167000
A11: 7 | B11: Cloruro de Potasio (0-0-60) | C11: 32 | D11: bulto (50Kg) | E11: 160000 | F11: 163000 | G11: 160000 | H11: =(E11+F11+G11)/3 -> 161000
A12: 8 | B12: Urea (39-0-0-5-3) | C12: 24 | D12: bulto (50Kg) | E12: 150000 | F12: 148000 | G12: 155000 | H12: =(E12+F12+G12)/3 -> 151000
A13: 9 | B13: Sulfato de Amonio (21-0-0-24) | C13: 12 | D13: bulto (50Kg) | E13: 80000 | F13: 97000 | G13: 108000 | H13: =(E13+F13+G13)/3 -> 95000
A14: 10 | B14: Elementos menores y secundarios | C14: 104 | D14: Kg | E14: 19500 | F14: 16000 | G14: 20000 | H14: =(E14+F14+G14)/3 -> 18500
A15: 11 | B15: Sulfato de magnesio | C15: 32 | D15: Kg | E15: 6000 | F15: 12000 | G15: 18000 | H15: =(E15+F15+G15)/3 -> 12000
A16: 12 | B16: Fosfito de potasio | C16: 52 | D16: Kg(litro) | E16: 38000 | F16: 40000 | G16: 45000 | H16: =(E16+F16+G16)/3 -> 41000
A17: 13 | B17: Boro | C17: 52 | D17: Kg | E17: 25000 | F17: 16000 | G17: 22000 | H17: =(E17+F17+G17)/3 -> 21000
A18: 14 | B18: Clorhidrato de Oxitetraciclina | C18: 8 | D18: Lb | E18: 47000 | F18: 55000 | G18: 0 | H18: =(E18+F18)/2 -> 51000
A19: 15 | B19: Penthyopirad | C19: 8 | D19: Litro | E19: 245000 | F19: 239000 | G19: 260000 | H19: =(E19+F19+G19)/3 -> 248000
A20: 16 | B20: Fluopicolide + Propineb | C20: 72 | D20: Kg | E20: 26000 | F20: 24000 | G20: 25000 | H20: =(E20+F20+G20)/3 -> 25000
A21: 17 | B21: Cymoxanil + Propineb | C21: 72 | D21: Kg | E21: 24000 | F21: 23000 | G21: 24000 | H21: =(E21+F21+G21)/3 -> 23666.667
A22: 18 | B22: Thiabendazole + Trifloxistrobin | C22: 24 | D22: L | E22: 130000 | F22: 128000 | G22: 0 | H22: =(E22+F22)/2 -> 129000
A23: 19 | B23: Pyraclostrobin + Epoxiconazole | C23: 8 | D23: L | E23: 168000 | F23: 155000 | G23: 170000 | H23: =(E23+F23+G23)/3 -> 164333.33
A24: 20 | B24: Clorothalonil | C24: 60 | D24: L | E24: 45000 | F24: 46000 | G24: 39000 | H24: =(E24+F24+G24)/3 -> 43333.333
A25: 21 | B25: Propiconazole | C25: 16 | D25: L | E25: 100000 | F25: 80000 | G25: 60000 | H25: =(E25+F25+G25)/3 -> 80000
A26: 22 | B26: Carboxim + thiram (vitavax) | C26: 8 | D26: KL | E26: 44000 | F26: 50000 | G26: 45000 | H26: =(E26+F26+G26)/3 -> 46333.333
A27: 23 | B27: Spinetoram (Exalt- mitipyr)) | C27: 28 | D27: L | E27: 295000 | F27: 300000 | G27: 340000 | H27: =(E27+F27+G27)/3 -> 311666.67
A28: 24 | B28: Cyanthraniliprole (preza - ciromazina) | C28: 28 | D28: L | E28: 400000 | F28: 388000 | G28: 415000 | H28: =(E28+F28+G28)/3 -> 401000
A29: 25 | B29: Cloranthraniliprole (Coragen - ampligo) | C29: 4 | D29: L | E29: 650000 | F29: 700000 | G29: 656000 | H29: =(E29+F29+G29)/3 -> 668666.67
A30: 26 | B30: Cloranthraniliprole (Coragen - ampligo) | C30: 4 | D30: 200 ML | E30: 125000 | F30: 148000 | G30: 169000 | H30: =(E30+F30+G30)/3 -> 147333.33
A31: 27 | B31: Thiodicarb-Larvin | C31: 12 | D31: 1/2L | E31: 109000 | F31: 120000 | G31: 119000 | H31: =(E31+F31+G31)/3 -> 116000
A32: 28 | B32: Fipronil | C32: 4 | D32: L | E32: 170000 | F32: 170000 | G32: 160000 | H32: =(E32+F32+G32)/3 -> 166666.67
A33: 29 | B33: Betacylfutrin | C33: 4 | D33: L | E33: 168000 | F33: 180000 | G33: 195000 | H33: =(E33+F33+G33)/3 -> 181000
A34: 30 | B34: Glifosato | C34: 24 | D34: Gal | E34: 70000 | F34: 70000 | G34: 77000 | H34: =(E34+F34+G34)/3 -> 72333.333
... A40: 42 | B40: KIT BIOSEGUIRIDAD incluye gafas, mascarilla, guantes, chaqueta antifluido, mascara respiradora | C40: 36 | D40: UND equipo de proteccion personal para aplicar agroquimicos | E40: 130000 | F40: 125000 | G40: 135000 | H40: =(E40+F40+G40)/3 -> 130000
A41: 43 | B41: SACAS PLASTICAS | C41: 4800 | D41: SACA 50Kg | E41: 700 | F41: 600 | G41: 0 | H41: =(E41+F41)/2 -> 650
A42: 44 | B42: MATRACA (CHUZO) para MAIZ | C42: 4 | D42: unidad | E42: 110000 | F42: 120000 | G42: 0 | H42: =(E42+F42)/2 -> 115000
A45: COMPARACIÓN PRECIOS MATERIALES
A46: INFORMACIÓN PROVEEDORES | E46: Sistemas Siglo XXI | F46: AGRINAR | G46: Prov 3 | H46: Valor Promedio
A47: ITEM | B47: DESCRIPCIÓN | C47: CANTIDAD | D47: UNIDAD | E47: VALOR UNITARIO | F47: VALOR UNITARIO | G47: VALOR UNITARIO
A48: 45 | B48: Polisombra | C48: 40 | D48: m lineal | E48: 12000 | F48: 9000 | G48: 0 | H48: =(E48+F48)/2 -> 10500
A49: 46 | B49: plastico calibre 6 | C49: 80 | D49: m lineal | E49: 13000 | F49: 10000 | G49: 0 | H49: =(E49+F49)/2 -> 11500
A50: 47 | B50: postes Guadua | C50: 80 | D50: unidad | E50: 9000 | F50: 7000 | G50: 0 | H50: =(E50+F50)/2 -> 8000
A51: 48 | B51: grapadora industrial modelo egt002 | C51: 8 | D51: unidad | E51: 68000 | F51: 60000 | G51: 0 | H51: =(E51+F51)/2 -> 64000
A52: 49 | B52: grapas por 1000 und de 14 mm | C52: 8 | D52: Lb | E52: 13000 | F52: 10000 | G52: 0 | H52: =(E52+F52)/2 -> 11500
A53: 50 | B53: puntillas (1¨) | C53: 8 | D53: Lb | E53: 9000 | F53: 7000 | G53: 0 | H53: =(E53+F53)/2 -> 8000
A54: 51 | B54: estimulador de crecimiento, fitorregulador de crecimiento, a base de ácido giberélico, que acelera el crecimiento vegetativo de los brotes o yemas | C54: 4 | D54: pastilla (10g) | E54: 7000 | F54: 6000 | G54: 0 | H54: =(E54+F54)/2 -> 6500
A57: COMPARACIÓN PRECIOS SEMILLAS
A58: INFORMACIÓN PROVEEDORES | E58: AGRICOLA SAN JOSE | F58: AGRINAR | G58: AGROTUQUERRES | H58: Valor Promedio
A59: ITEM | B59: DESCRIPCIÓN | C59: CANTIDAD | D59: UNIDAD | E59: VALOR UNITARIO | F59: VALOR UNITARIO | G59: VALOR UNITARIO
A60: 35 | B60: Semilla certificada Capiro | C60: 48 | D60: bulto (50Kg) | E60: 0 | F60: 105000 | G60: 110000 | H60: =+'RESUMEN INSUMOS'!F45 -> 105000
A61: 40 | B61: Semilla certificada Pasto Forrajero | C61: 40 | D61: kg | E61: 10000 | F61: 10000 | G61: 0 | H61: =(E61+F61)/2 -> 10000
A64: UNICO PROVEEDOR SEMILLAS
A65: INFORMACIÓN PROVEEDORES | E65: PROV 1 | F65: PROV 2 | G65: FENALCE | H65: Valor Promedio
A66: ITEM | B66: DESCRIPCIÓN | C66: CANTIDAD | D66: UNIDAD | E66: VALOR UNITARIO | F66: VALOR UNITARIO | G66: VALOR UNITARIO
A67: 37 | B67: Semilla certificada Maiz Blanco semestral | C67: 200 | D67: Kg | E67: 0 | F67: 0 | G67: 7500 | H67: =G67 -> 7500
A68: 38 | B68: Semilla certificada Cebada semestral CEBADA L-128 grano y forraje | C68: 360 | D68: (Kg) | E68: 0 | F68: 0 | G68: 3000 | H68: =G68 -> 3000
A69: 39 | B69: Semilla certificada Trigo semestral grano y forraje | C69: 400 | D69: (Kg) | E69: 0 | F69: 0 | G69: 3200 | H69: =G69 -> 3200
A71: COMPARACIÓN PRECIOS SEMILLAS
A72: INFORMACIÓN PROVEEDORES | E72: AGRO GLOBAL | F72: AGRINAR | G72: PROV 3 | H72: Valor Promedio
A73: ITEM | B73: DESCRIPCIÓN | C73: CANTIDAD | D73: UNIDAD | E73: VALOR UNITARIO | F73: VALOR UNITARIO | G73: VALOR UNITARIO
A74: 36 | B74: Semilla certificada Cebolla | C74: 4 | D74: Lb | E74: 404000 | F74: 435000 | G74: 0 | H74: =(E74+F74)/2 -> 419500

Sheet RESUMEN INSUMOS
C3: FERTILIZANTE EDAFICO
B4: Carbonato de Calcio y oxido de magnesio | C4: enmienda triple | D4: bulto (50Kg) | E4: 424 | F4: =+'Cuadro comparativo precios'!H5 -> 41500 | G4: =(F4*E4) -> 17596000
B5: fertilizante compuesto (12-24-12-10-1,5) | C5: fertilizante SIR | D5: bulto (50Kg) | E5: 28 | F5: =+'Cuadro comparativo precios'!H6 -> 146000 | G5: =(F5*E5) -> 4088000
B6: Fertilizante compuesto (10-11-29-2-5-3) | C6: fertilizante Reabone | D6: bulto (50Kg) | E6: 28 | F6: =+'Cuadro comparativo precios'!H7 -> 127000 | G6: =(F6*E6) -> 3556000
B7: Elementos menores | C7: cosmo R | D7: bulto (50Kg) | E7: 24 | F7: =+'Cuadro comparativo precios'!H8 -> 94000 | G7: =(F7*E7) -> 2256000
B8: Materia Organica | D8: bulto (50Kg) | E8: 240 | F8: =+'Cuadro comparativo precios'!H9 -> 20333.333 | G8: =(F8*E8) -> 4880000
B9: fosfato Diamonico | C9: DAP | D9: bulto (50Kg) | E9: 28 | F9: =+'Cuadro comparativo precios'!H10 -> 167000 | G9: =(F9*E9) -> 4676000
B10: Cloruro de Potasio (0-0-60) | C10: KCL | D10: bulto (50Kg) | E10: 32 | F10: =+'Cuadro comparativo precios'!H11 -> 161000 | G10: =(F10*E10) -> 5152000
B11: Urea (39-0-0-5-3) | C11: Nitro xtend | D11: bulto (50Kg) | E11: 24 | F11: =+'Cuadro comparativo precios'!H12 -> 151000 | G11: =(F11*E11) -> 3624000
B12: Sulfato de Amonio (21-0-0-24) | C12: Suflt | D12: bulto (50Kg) | E12: 12 | F12: =+'Cuadro comparativo precios'!H13 -> 95000 | G12: =(F12*E12) -> 1140000
C13: FERTILIZANTE FOLIAR
B14: Elementos menores y secundarios | C14: Cosmoquel balance menores | D14: Kg | E14: 104 | F14: =+'Cuadro comparativo precios'!H14 -> 18500 | G14: =(F14*E14) -> 1924000
B15: Sulfato de magnesio | C15: Kelatex magnesio | D15: Kg | E15: 32 | F15: =+'Cuadro comparativo precios'!H15 -> 12000 | G15: =(F15*E15) -> 384000
B16: Fosfito de potasio | C16: Prevenphos | D16: Kg | E16: 52 | F16: =+'Cuadro comparativo precios'!H16 -> 41000 | G16: =(F16*E16) -> 2132000
B17: Boro | C17: Cosmo ion Boro | D17: Kg | E17: 52 | F17: =+'Cuadro comparativo precios'!H17 -> 21000 | G17: =(F17*E17) -> 1092000
C18: FUNGICIDAS
B19: Clorhidrato de Oxitetraciclina | C19: cupricina | D19: Lb | E19: 8 | F19: =+'Cuadro comparativo precios'!H18 -> 51000 | G19: =(F19*E19) -> 408000
B20: Penthyopirad | C20: Fontelis | D20: Litro | E20: 8 | F20: =+'Cuadro comparativo precios'!H19 -> 248000 | G20: =(F20*E20) -> 1984000
B21: Fluopicolide + Propineb | C21: Trivia | D21: Kg | E21: 72 | F21: =+'Cuadro comparativo precios'!H20 -> 25000 | G21: =(F21*E21) -> 1800000
B22: Cymoxanil + Propineb | C22: Fitoraz | D22: Kg | E22: 72 | F22: =+'Cuadro comparativo precios'!H21 -> 23666.667 | G22: =(F22*E22) -> 1704000
B23: Thiabendazole + Trifloxistrobin | C23: Nativo | D23: L | E23: 24 | F23: =+'Cuadro comparativo precios'!H22 -> 129000 | G23: =(F23*E23) -> 3096000
B24: Pyraclostrobin + Epoxiconazole | C24: Opera | D24: L | E24: 8 | F24: =+'Cuadro comparativo precios'!H23 -> 164333.33 | G24: =(F24*E24) -> 1314666.7
B25: Clorothalonil | C25: Daconil | D25: L | E25: 60 | F25: =+'Cuadro comparativo precios'!H24 -> 43333.333 | G25: =(F25*E25) -> 2600000
B26: Propiconazole | C26: Tilt | D26: L | E26: 16 | F26: =+'Cuadro comparativo precios'!H25 -> 80000 | G26: =(F26*E26) -> 1280000
B27: Carboxim + thiram | C27: Vitavax | D27: Kg | E27: 8 | F27: =+'Cuadro comparativo precios'!H26 -> 46333.333 | G27: =(F27*E27) -> 370666.67
C28: INSECTICIDAS
B29: Spinetoram | C29: (Exalt)-mitipyr | D29: L | E29: 28 | F29: =+'Cuadro comparativo precios'!H27 -> 311666.67 | G29: =(F29*E29) -> 8726666.7
B30: Cyanthraniliprole | C30: (Preza)- ciromazina | D30: L | E30: 28 | F30: =+'Cuadro comparativo precios'!H28 -> 401000 | G30: =(F30*E30) -> 11228000
B31: Cloranthraniliprole | C31: (Coragen) - ampligo | D31: L | E31: 4 | F31: =+'Cuadro comparativo precios'!H29 -> 668666.67 | G31: =(F31*E31) -> 2674666.7
B32: Clorathraniliprole | C32: (Coragen) - ampligo | D32: 1/2L | E32: 4 | F32: =+'Cuadro comparativo precios'!H30 -> 147333.33 | G32: =(F32*E32) -> 589333.33
B33: Thiodicarb | C33: Larvin | D33: 1/2L | E33: 12 | F33: =+'Cuadro comparativo precios'!H31 -> 116000 | G33: =(F33*E33) -> 1392000
B34: Fipronil | C34: Regent | D34: L | E34: 4 | F34: =+'Cuadro comparativo precios'!H32 -> 166666.67 | G34: =(F34*E34) -> 666666.67
B35: Betacylfutrin | C35: Connect Duo | D35: L | E35: 4 | F35: =+'Cuadro comparativo precios'!H33 -> 181000 | G35: =(F35*E35) -> 724000
C36: ADICIONALES
B37: Glifosato | C37: Roundup | D37: Gal por 4 LT | E37: 24 | F37: =+'Cuadro comparativo precios'!H34 -> 72333.333 | G37: =(F37*E37) -> 1736000
B38: Quelatos y citratos | C38: Cosmo aguas | D38: kg | E38: 92 | F38: =+'Cuadro comparativo precios'!H35 -> 38333.333 | G38: =(F38*E38) -> 3526666.7
B39: Alcoholes lauricos y etioxilados | C39: Inex - A | D39: L | E39: 104 | F39: =+'Cuadro comparativo precios'!H36 -> 33333.333 | G39: =(F39*E39) -> 3466666.7
B40: Oxyfluorfen- | C40: (Goal) - Galigan | D40: L | E40: 4 | F40: =+'Cuadro comparativo precios'!H37 -> 74000 | G40: =(F40*E40) -> 296000
B41: Metsulfuron metil | C41: Eureka | D41: sobre (20g) | E41: 12 | F41: =+'Cuadro comparativo precios'!H38 -> 9333.3333 | G41: =(F41*E41) -> 112000
B42: SUBTOTAL | E42: =SUM(E37:E41,E29:E35,E19:E27,E14:E17,E4:E12) -> 1676 | F42: =SUM(F37:F41,F29:F35,F19:F27,F14:F17,F4:F12) -> 4125666.7 | G42: =SUM(G37:G41,G29:G35,G19:G27,G14:G17,G4:G12) -> 102196000
C44: SEMILLAS
B45: Semilla certificada Capiro | C45: Papa Capiro Comercial | D45: bulto (50Kg) | E45: 48 | F45: 105000 | G45: =(F45*E45) -> 5040000
B46: Semilla certificada Cebolla | C46: Cebolla rexor o cristal White Comercial- takki | D46: Lb | E46: 4 | F46: =+'Cuadro comparativo precios'!H74 -> 419500 | G46: =(F46*E46) -> 1678000
B47: Semilla certificada Maiz Blanco semestral | C47: Maiz Blanco Comercial (UDENAR granizo 100) | D47: Kg | E47: 200 | F47: =+'Cuadro comparativo precios'!H67 -> 7500 | G47: =(F47*E47) -> 1500000
B48: Semilla certificada Cebada semestral CEBADA L-128 grano y forraje | C48: Fenalce L-128 | D48: (Kg) | E48: =+'Cuadro comparativo precios'!C68 -> 360 | F48: =+'Cuadro comparativo precios'!H68 -> 3000 | G48: =(F48*E48) -> 1080000 | H48: =+E48*'Cuadro comparativo precios'!J68 -> 0
B49: Semilla certificada Trigo semestral grano y forraje | C49: FNC FENIX Semilla | D49: (Kg) | E49: =+'Cuadro comparativo precios'!C69 -> 400 | F49: =+'Cuadro comparativo precios'!H69 -> 3200 | G49: =(F49*E49) -> 1280000 | H49: =+E49*'Cuadro comparativo precios'!J69 -> 0
B50: Semilla certificada Pasto Forrajero | C50: Pasto forrajero Rye grass | D50: kg | E50: 40 | F50: =+'Cuadro comparativo precios'!H61 -> 10000 | G50: =(F50*E50) -> 400000
B51: SUBTOTAL | E51: =SUM(E45:E50) -> 1052 | F51: =SUM(F45:F50) -> 548200 | G51: =SUM(G45:G50) -> 10978000
C54: HERRAMIENTAS
B55: BOMBA DE ESPALDA | C55: Royal condor | D55: 20L | E55: 20 | F55: =+'Cuadro comparativo precios'!H39 -> 316666.67 | G55: =(F55*E55) -> 6333333.3
B56: KIT BIOSEGUIRIDAD | D56: mascarilla+guantes | E56: 36 | F56: =+'Cuadro comparativo precios'!H40 -> 130000 | G56: =(F56*E56) -> 4680000
B57: SACAS PLASTICAS | D57: SACA 50Kg | E57: 4800 | F57: =+'Cuadro comparativo precios'!H41 -> 650 | G57: =(F57*E57) -> 3120000
B58: MATRACA (CHUZO) para MAIZ | D58: unidad | E58: 4 | F58: =+'Cuadro comparativo precios'!H42 -> 115000 | G58: =(F58*E58) -> 460000
B59: SUBTOTAL | E59: =SUM(E55:E58) -> 4860 | F59: =SUM(F55:F58) -> 562316.67 | G59: =SUM(G55:G58) -> 14593333
C62: MATERIALES SEMILLERO CEBOLLA BULBO | M62: 3600000
B63: Polisombra | D63: m lineal | E63: 40 | F63: =+'Cuadro comparativo precios'!H48 -> 10500 | G63: =(F63*E63) -> 420000 | M63: 4320000
B64: plastico calibre 6 | D64: m lineal | E64: 80 | F64: =+'Cuadro comparativo precios'!H49 -> 11500 | G64: =(F64*E64) -> 920000 | M64: 2400000
B65: postes Guadua | D65: unidad | E65: 80 | F65: =+'Cuadro comparativo precios'!H50 -> 8000 | G65: =(F65*E65) -> 640000 | M65: 440000
B66: grapadora industrial | D66: unidad | E66: 8 | F66: =+'Cuadro comparativo precios'!H51 -> 64000 | G66: =(F66*E66) -> 512000 | M66: 120000
B67: grapas | D67: Lb | E67: 8 | F67: =+'Cuadro comparativo precios'!H52 -> 11500 | G67: =(F67*E67) -> 92000 | M67: 480000
B68: puntillas (1¨) | D68: Lb | E68: 8 | F68: =+'Cuadro comparativo precios'!H53 -> 8000 | G68: =(F68*E68) -> 64000 | M68: 240000
B69: estimulador de crecimiento | C69: Proggib | D69: frasco (500g) | E69: 4 | F69: =+'Cuadro comparativo precios'!H54 -> 6500 | G69: =(F69*E69) -> 26000 | M69: 240000
B70: mano de obra no calificada | D70: jornal | E70: 24 | F70: 35000 | G70: =(F70*E70) -> 840000 | M70: 40000
B71: SUBTOTAL | F71: =SUM(F63:F70) -> 155000 | G71: =SUM(G63:G70) -> 3514000 | M71: 26400
M72: 159600
M73: 840000
G74: =+G71+G59+G51+G42 -> 1.3128133e+08

Sheet IN. PAPA.
B1: INSUMOS Y HERRAMIENTAS PARA ADELANTAR PROCESOS DEMOSTRATIVOS DE MANEJO AGRONÓMICO EN EL CULTIVO DE PAPA
B2: DETALLE | C2: NOMBRE COMERCIAL (GUIA) | D2: UNIDAD | E2: CANTIDAD / 1/2Has | F2: PRECIO UNITARIO | G2: PARCELA (5.000m2) | H2: 4 PARCELAS PROYECTO (40.000m2)
C3: SEMILLA
B4: Semilla certificada Capiro | C4: Papa Capiro Comercial | D4: bulto (50Kg) | E4: 12 | F4: =+'RESUMEN INSUMOS'!F45 -> 105000 | G4: =(F4*E4) -> 1260000 | H4: =(G4*4) -> 5040000
B5: SUBTOTAL | G5: =SUM(G4) -> 1260000 | H5: =SUM(H4) -> 5040000
C6: FERTILIZANTE EDAFICO
B7: Carbonato de Calcio y oxido de magnesio | C7: enmienda triple | D7: bulto (50Kg) | E7: 20 | F7: =+'RESUMEN INSUMOS'!F4 -> 41500 | G7: =(F7*E7) -> 830000 | H7: =(G7*4) -> 3320000
B8: fertilizante compuesto (12-24-12-10-1,5) | C8: fertilizante SIR | D8: bulto (50Kg) | E8: 7 | F8: =+'RESUMEN INSUMOS'!F5 -> 146000 | G8: =(F8*E8) -> 1022000 | H8: =(G8*4) -> 4088000
B9: Fertilizante compuesto (10-11-29-2-5-3) | C9: fertilizante Reabone | D9: bulto (50Kg) | E9: 7 | F9: =+'RESUMEN INSUMOS'!F6 -> 127000 | G9: =(F9*E9) -> 889000 | H9: =(G9*4) -> 3556000
B10: Elementos menores | C10: cosmo R | D10: bulto (50Kg) | E10: 2 | F10: =+'RESUMEN INSUMOS'!F7 -> 94000 | G10: =(F10*E10) -> 188000 | H10: =(G10*4) -> 752000
B11: Materia Organica | D11: bulto (50Kg) | E11: 20 | F11: =+'RESUMEN INSUMOS'!F8 -> 20333.333 | G11: =(F11*E11) -> 406666.67 | H11: =(G11*4) -> 1626666.7
B12: SUBTOTAL | G12: =SUM(G7:G11) -> 3335666.7 | H12: =SUM(H7:H11) -> 13342667
C13: FERTILIZANTE FOLIAR
B14: Elementos menores y secundarios | C14: Cosmoquel balance menores | D14: Kg | E14: 4 | F14: =+'RESUMEN INSUMOS'!F14 -> 18500 | G14: =(F14*E14) -> 74000 | H14: =(G14*4) -> 296000
B15: Sulfato de magnesio | C15: Kelatex magnesio | D15: Kg | E15: 8 | F15: =+'RESUMEN INSUMOS'!F15 -> 12000 | G15: =(F15*E15) -> 96000 | H15: =(G15*4) -> 384000
B16: Fosfito de potasio | C16: Prevenphos | D16: Kg | E16: 2 | F16: =+'RESUMEN INSUMOS'!F16 -> 41000 | G16: =(F16*E16) -> 82000 | H16: =(G16*4) -> 328000
B17: Boro | C17: Cosmo ion Boro | D17: Kg | E17: 2 | F17: =+'RESUMEN INSUMOS'!F17 -> 21000 | G17: =(F17*E17) -> 42000 | H17: =(G17*4) -> 168000
B18: SUBTOTAL | G18: =SUM(G14:G17) -> 294000 | H18: =SUM(H14:H17) -> 1176000
C19: FUNGICIDAS
B20: Clorhidrato de Oxitetraciclina | C20: cupricina | D20: Lb | E20: 2 | F20: =+'RESUMEN INSUMOS'!F19 -> 51000 | G20: =(F20*E20) -> 102000 | H20: =(G20*4) -> 408000
B21: Bacillus subtilis QST 173 | C21: serenade | D21: Lb | E21: 2 | F21: 39500 | G21: =(F21*E21) -> 79000 | H21: =(G21*4) -> 316000
B22: Fluopicolide + Propineb | C22: Trivia | D22: Kg | E22: 15 | F22: =+'RESUMEN INSUMOS'!F21 -> 25000 | G22: =(F22*E22) -> 375000 | H22: =(G22*4) -> 1500000
B23: Cymoxanil + Propineb | C23: Fitoraz | D23: Kg | E23: 15 | F23: =+'RESUMEN INSUMOS'!F22 -> 23666.667 | G23: =(F23*E23) -> 355000 | H23: =(G23*4) -> 1420000
B24: Thiabendazole + Trifloxistrobin | C24: Nativo | D24: L | E24: 2 | F24: =+'RESUMEN INSUMOS'!F23 -> 129000 | G24: =(F24*E24) -> 258000 | H24: =(G24*4) -> 1032000
B25: Pyraclostrobin + Epoxiconazole | C25: Opera | D25: L | E25: 2 | F25: =+'RESUMEN INSUMOS'!F24 -> 164333.33 | G25: =(F25*E25) -> 328666.67 | H25: =(G25*4) -> 1314666.7
B26: SUBTOTAL | G26: =SUM(G20:G25) -> 1497666.7 | H26: =SUM(H20:H25) -> 5990666.7
C27: INSECTICIDAS
B28: Beauveria bassiana cepa | C28: Senasa | D28: kg | E28: 1 | F28: 56000 | G28: =(F28*E28) -> 56000 | H28: =(G28*4) -> 224000
B29: Extracto de Neem (Azadiractina al 70%) | C29: natural neem | D29: L | E29: 1 | F29: 30000 | G29: =(F29*E29) -> 30000 | H29: =(G29*4) -> 120000
B30: Ruda Ruta graveolens | C30: rutinal | D30: L | E30: 1 | F30: 42100 | G30: =(F30*E30) -> 42100 | H30: =(G30*4) -> 168400
B31: Cloranthraniliprole | C31: Coragen | D31: L | E31: 1 | F31: =+'RESUMEN INSUMOS'!F31 -> 668666.67 | G31: =(F31*E31) -> 668666.67 | H31: =(G31*4) -> 2674666.7
B32: SUBTOTAL | G32: =SUM(G28:G31) -> 796766.67 | H32: =SUM(H28:H31) -> 3187066.7
C33: ADICIONALES
B34: Glifosato | C34: Roundup | D34: Gal | E34: 1 | F34: =+'RESUMEN INSUMOS'!F37 -> 72333.333 | G34: =(F34*E34) -> 72333.333 | H34: =(G34*4) -> 289333.33
B35: Quelatos y citratos | C35: Cosmo aguas | D35: L | E35: 5 | F35: =+'RESUMEN INSUMOS'!F38 -> 38333.333 | G35: =(F35*E35) -> 191666.67 | H35: =(G35*4) -> 766666.67
B36: Alcoholes lauricos y etioxilados | C36: Inex - A | D36: L | E36: 6 | F36: =+'RESUMEN INSUMOS'!F39 -> 33333.333 | G36: =(F36*E36) -> 200000 | H36: =(G36*4) -> 800000
B37: SUBTOTAL | G37: =SUM(G34:G36) -> 464000 | H37: =SUM(H34:H36) -> 1856000
C38: HERRAMIENTAS
B39: BOMBA DE ESPALDA | C39: Royal condor | D39: 20L | E39: 1 | F39: =+'RESUMEN INSUMOS'!F55 -> 316666.67 | G39: =(F39*E39) -> 316666.67 | H39: =(G39*4) -> 1266666.7
B40: KIT BIOSEGUIRIDAD | D40: mascarilla+guantes | E40: 3 | F40: =+'RESUMEN INSUMOS'!F56 -> 130000 | G40: =(F40*E40) -> 390000 | H40: =(G40*4) -> 1560000
B41: SACAS PLASTICAS | D41: SACA 50Kg | E41: 400 | F41: =+'RESUMEN INSUMOS'!F57 -> 650 | G41: =(F41*E41) -> 260000 | H41: =(G41*4) -> 1040000
B42: SUBTOTAL | G42: =SUM(G39:G41) -> 966666.67 | H42: =SUM(H39:H41) -> 3866666.7
B43: TOTAL | G43: =SUM(G42,G37,G32,G26,G18,G12,G5) -> 8614766.7 | H43: =SUM(H42,H37,H32,H26,H18,H12,H5) -> 34459067

Sheet IN. CEBOLLA B. 
B1: INSUMOS Y HERRAMIENTAS PARA ADELANTAR PROCESOS DEMOSTRATIVOS DE MANEJO AGRONÓMICO EN EL CULTIVO DE CEBOLLA DE BULBO
B2: DETALLE | C2: NOMBRE COMERCIAL | D2: UNIDAD | E2: CANTIDAD / 1/2Has | F2: PRECIO UNITARIO | G2: PARCELA (5.000m2) | H2: 4 PARCELAS PROYECTO (40.000m2)
C3: SEMILLA y SEMILLERO TEMPORAL
B4: Semilla certificada Cebolla | C4: Cebolla rexor o cristal White Comercial | D4: Lb | E4: 1 | F4: =+'RESUMEN INSUMOS'!F46 -> 419500 | G4: =(F4*E4) -> 419500 | H4: =(G4*4) -> 1678000
B5: Polisombra | D5: m lineal | E5: 10 | F5: =+'RESUMEN INSUMOS'!F63 -> 10500 | G5: =(F5*E5) -> 105000 | H5: =(G5*4) -> 420000
B6: plastico calibre 6 | D6: m lineal | E6: 20 | F6: =+'RESUMEN INSUMOS'!F64 -> 11500 | G6: =(F6*E6) -> 230000 | H6: =(G6*4) -> 920000
B7: postes Guadua | D7: unidad | E7: 20 | F7: =+'RESUMEN INSUMOS'!F65 -> 8000 | G7: =(F7*E7) -> 160000 | H7: =(G7*4) -> 640000
B8: grapadora industrial | D8: unidad | E8: 2 | F8: =+'RESUMEN INSUMOS'!F66 -> 64000 | G8: =(F8*E8) -> 128000 | H8: =(G8*4) -> 512000
B9: grapas | D9: Lb | E9: 2 | F9: =+'RESUMEN INSUMOS'!F67 -> 11500 | G9: =(F9*E9) -> 23000 | H9: =(G9*4) -> 92000
B10: puntillas (1¨) | D10: Lb | E10: 2 | F10: =+'RESUMEN INSUMOS'!F68 -> 8000 | G10: =(F10*E10) -> 16000 | H10: =(G10*4) -> 64000
B11: estimulador de crecimiento | C11: Proggib | D11: frasco (500g) | E11: 1 | F11: =+'RESUMEN INSUMOS'!F69 -> 6500 | G11: =(F11*E11) -> 6500 | H11: =(G11*4) -> 26000
B12: mano de obra no calificada | D12: jornal | E12: 6 | F12: 30723 | G12: =(F12*E12) -> 184338 | H12: =(G12*4) -> 737352
B13: SUBTOTAL | G13: =SUM(G4:G12) -> 1272338 | H13: =SUM(H4:H12) -> 5089352
C14: FERTILIZANTE EDAFICO
B15: Carbonato de Calcio y oxido de magnesio | C15: enmienda triple | D15: bulto (50Kg) | E15: 20 | F15: =+'RESUMEN INSUMOS'!F4 -> 41500 | G15: =(F15*E15) -> 830000 | H15: =(G15*4) -> 3320000
B16: fosfato Diamonico | C16: DAP | D16: bulto (50Kg) | E16: 2 | F16: =+'RESUMEN INSUMOS'!F9 -> 167000 | G16: =(F16*E16) -> 334000 | H16: =(G16*4) -> 1336000
B17: Cloruro de Potasio (0-0-60) | C17: KCL | D17: bulto (50Kg) | E17: 3 | F17: =+'RESUMEN INSUMOS'!F10 -> 161000 | G17: =(F17*E17) -> 483000 | H17: =(G17*4) -> 1932000
B18: Urea (39-0-0-5-3) | C18: Nitro xtend | D18: bulto (50Kg) | E18: 2 | F18: =+'RESUMEN INSUMOS'!F11 -> 151000 | G18: =(F18*E18) -> 302000 | H18: =(G18*4) -> 1208000
B19: Elementos menores | C19: cosmo R | D19: bulto (50Kg) | E19: 1 | F19: =+'RESUMEN INSUMOS'!F7 -> 94000 | G19: =(F19*E19) -> 94000 | H19: =(G19*4) -> 376000
B20: Materia Organica | D20: bulto (50Kg) | E20: 10 | F20: =+'RESUMEN INSUMOS'!F8 -> 20333.333 | G20: =(F20*E20) -> 203333.33 | H20: =(G20*4) -> 813333.33
B21: SUBTOTAL | G21: =SUM(G15:G20) -> 2246333.3 | H21: =SUM(H15:H20) -> 8985333.3
C22: FERTILIZANTE FOLIAR
B23: Elementos menores y secundarios | C23: Cosmoquel balance menores | D23: Kg | E23: 4 | F23: =+'RESUMEN INSUMOS'!F14 -> 18500 | G23: =(F23*E23) -> 74000 | H23: =(G23*4) -> 296000
B24: Sulfato de magnesio | C24: Kelatex magnesio | D24: Kg | E24: 8 | F24: =+'RESUMEN INSUMOS'!F15 -> 12000 | G24: =(F24*E24) -> 96000 | H24: =(G24*4) -> 384000
B25: Fosfito de potasio | C25: Prevenphos | D25: Kg | E25: 2 | F25: =+'RESUMEN INSUMOS'!F16 -> 41000 | G25: =(F25*E25) -> 82000 | H25: =(G25*4) -> 328000
B26: Boro | C26: Cosmo ion Boro | D26: Kg | E26: 2 | F26: =+'RESUMEN INSUMOS'!F17 -> 21000 | G26: =(F26*E26) -> 42000 | H26: =(G26*4) -> 168000
B27: SUBTOTAL | G27: =SUM(G23:G26) -> 294000 | H27: =SUM(H23:H26) -> 1176000
C28: FUNGICIDAS
B29: Boscalid | C29: Cantus | D29: Lb | E29: 2 | F29: 50000 | G29: =(F29*E29) -> 100000 | H29: =(G29*4) -> 400000
B30: Reynoutria sachalinensis | C30: regalia maxx | D30: kg | E30: 6 | F30: 43000 | G30: =(F30*E30) -> 258000 | H30: =(G30*4) -> 1032000
B31: Bacillus subtilis QST 173 | C31: serenade | D31: kg | E31: 1 | F31: 39500 | G31: =(F31*E31) -> 39500 | H31: =(G31*4) -> 158000
B32: Fluopicolide + Propineb | C32: Trivia | D32: Kg | E32: 15 | F32: =+'RESUMEN INSUMOS'!F21 -> 25000 | G32: =(F32*E32) -> 375000 | H32: =(G32*4) -> 1500000
B33: Cymoxanil + Propineb | C33: Fitoraz | D33: Kg | E33: 15 | F33: =+'RESUMEN INSUMOS'!F22 -> 23666.667 | G33: =(F33*E33) -> 355000 | H33: =(G33*4) -> 1420000
B34: Thiabendazole + Tebuconazole | C34: Nativo | D34: L | E34: 1 | F34: =+'RESUMEN INSUMOS'!F23 -> 129000 | G34: =(F34*E34) -> 129000 | H34: =(G34*4) -> 516000
B35: Pyraclostrobin + Epoxiconazole | C35: Opera | D35: L | E35: 1 | F35: =+'RESUMEN INSUMOS'!F24 -> 164333.33 | G35: =(F35*E35) -> 164333.33 | H35: =(G35*4) -> 657333.33
B36: SUBTOTAL | G36: =SUM(G29:G35) -> 1420833.3 | H36: =SUM(H29:H35) -> 5683333.3
C37: INSECTICIDAS
B38: Spinetoram | C38: Exalt | D38: L | E38: 2 | F38: =+'RESUMEN INSUMOS'!F29 -> 311666.67 | G38: =(F38*E38) -> 623333.33 | H38: =(G38*4) -> 2493333.3
B39: Extracto de Neem (Azadiractina al 70%) | C39: natural neem | D39: L | E39: 1 | F39: 30000 | G39: =(F39*E39) -> 30000 | H39: =(G39*4) -> 120000
B40: Ruda Ruta graveolens | C40: rutinal | D40: L | E40: 1 | F40: 42100 | G40: =(F40*E40) -> 42100 | H40: =(G40*4) -> 168400
B41: SUBTOTAL | G41: =SUM(G38:G40) -> 695433.33 | H41: =SUM(H38:H40) -> 2781733.3
C42: ADICIONALES
B43: Glifosato | C43: Roundup | D43: Gal | E43: 1 | F43: =+'RESUMEN INSUMOS'!F37 -> 72333.333 | G43: =(F43*E43) -> 72333.333 | H43: =(G43*4) -> 289333.33
B44: Oxyfluorfen | C44: Goal | D44: L | E44: 1 | F44: =+'RESUMEN INSUMOS'!F40 -> 74000 | G44: =(F44*E44) -> 74000 | H44: =(G44*4) -> 296000
B45: Quelatos y citratos | C45: Cosmo aguas | D45: L | E45: 6 | F45: =+'RESUMEN INSUMOS'!F38 -> 38333.333 | G45: =(F45*E45) -> 230000 | H45: =(G45*4) -> 920000
B46: Alcoholes lauricos y etioxilados | C46: Inex - A | D46: L | E46: 7 | F46: =+'RESUMEN INSUMOS'!F39 -> 33333.333 | G46: =(F46*E46) -> 233333.33 | H46: =(G46*4) -> 933333.33
B47: SUBTOTAL | G47: =SUM(G43:G46) -> 609666.67 | H47: =SUM(H43:H46) -> 2438666.7
C48: HERRAMIENTAS
B49: BOMBA DE ESPALDA | C49: Royal condor | D49: 20L | E49: 1 | F49: =+'RESUMEN INSUMOS'!F55 -> 316666.67 | G49: =(F49*E49) -> 316666.67 | H49: =(G49*4) -> 1266666.7
B50: KIT BIOSEGUIRIDAD | D50: mascarilla+guantes | E50: 3 | F50: =+'RESUMEN INSUMOS'!F56 -> 130000 | G50: =(F50*E50) -> 390000 | H50: =(G50*4) -> 1560000
B51: SACAS PLASTICAS | D51: SACA 50Kg | E51: 400 | F51: =+'RESUMEN INSUMOS'!F57 -> 650 | G51: =(F51*E51) -> 260000 | H51: =(G51*4) -> 1040000
B52: SUBTOTAL | G52: =SUM(G49:G51) -> 966666.67 | H52: =SUM(H49:H51) -> 3866666.7
B53: TOTAL | G53: =SUM(G52,G47,G41,G36,G27,G21,G13) -> 7505271.3 | H53: =SUM(H52,H47,H41,H36,H27,H21,H13) -> 30021085

Sheet IN. MAIZ.
B1: INSUMOS Y HERRAMIENTAS PARA ADELANTAR PROCESOS DEMOSTRATIVOS DE MANEJO AGRONÓMICO EN EL CULTIVO DE MAIZ
B2: DETALLE | C2: NOMBRE COMERCIAL | D2: UNIDAD | E2: CANTIDAD / 1/2Has | F2: PRECIO UNITARIO | G2: PARCELA (5.000m2) | H2: 4 PARCELAS PROYECTO (40.000m2)
C3: SEMILLA
B4: Semilla certificada Maiz Blanco semestral | C4: Maiz Blanco Comercial (UDENAR granizo 100) | D4: Kg | E4: 50 | F4: =+'RESUMEN INSUMOS'!F47 -> 7500 | G4: =(F4*E4) -> 375000 | H4: =(G4*4) -> 1500000
B5: SUBTOTAL | G5: =SUM(G4) -> 375000 | H5: =SUM(H4) -> 1500000
C6: FERTILIZANTE EDAFICO
B7: Carbonato de Calcio y oxido de magnesio | C7: enmienda triple | D7: bulto (50Kg) | E7: 20 | F7: =+'RESUMEN INSUMOS'!F4 -> 41500 | G7: =(F7*E7) -> 830000 | H7: =(G7*4) -> 3320000
B8: fosfato Diamonico | C8: DAP | D8: bulto (50Kg) | E8: 2 | F8: =+'RESUMEN INSUMOS'!F9 -> 167000 | G8: =(F8*E8) -> 334000 | H8: =(G8*4) -> 1336000
B9: Cloruro de Potasio (0-0-60) | C9: KCL | D9: bulto (50Kg) | E9: 2 | F9: =+'RESUMEN INSUMOS'!F10 -> 161000 | G9: =(F9*E9) -> 322000 | H9: =(G9*4) -> 1288000
B10: Urea (39-0-0-5-3) | C10: Nitro xtend | D10: bulto (50Kg) | E10: 1 | F10: =+'RESUMEN INSUMOS'!F11 -> 151000 | G10: =(F10*E10) -> 151000 | H10: =(G10*4) -> 604000
B11: Sulfato de Amonio (21-0-0-24) | C11: Suflt | D11: bulto (50Kg) | E11: 1 | F11: =+'RESUMEN INSUMOS'!F12 -> 95000 | G11: =(F11*E11) -> 95000 | H11: =(G11*4) -> 380000
B12: Elementos menores | C12: cosmo R | D12: bulto (50Kg) | E12: 1 | F12: =+'RESUMEN INSUMOS'!F7 -> 94000 | G12: =(F12*E12) -> 94000 | H12: =(G12*4) -> 376000
B13: Materia Organica | D13: bulto (50Kg) | E13: 10 | F13: =+'RESUMEN INSUMOS'!F8 -> 20333.333 | G13: =(F13*E13) -> 203333.33 | H13: =(G13*4) -> 813333.33
B14: SUBTOTAL | G14: =SUM(G7:G13) -> 2029333.3 | H14: =SUM(H7:H13) -> 8117333.3
C15: FERTILIZANTE FOLIAR
B16: Elementos menores y secundarios | C16: Cosmoquel balance menores | D16: Kg | E16: 4 | F16: =+'RESUMEN INSUMOS'!F14 -> 18500 | G16: =(F16*E16) -> 74000 | H16: =(G16*4) -> 296000
B17: Sulfato de magnesio | C17: Kelatex magnesio | D17: Kg | E17: 8 | F17: =+'RESUMEN INSUMOS'!F15 -> 12000 | G17: =(F17*E17) -> 96000 | H17: =(G17*4) -> 384000
B18: Fosfito de potasio | C18: Prevenphos | D18: Kg | E18: 2 | F18: =+'RESUMEN INSUMOS'!F16 -> 41000 | G18: =(F18*E18) -> 82000 | H18: =(G18*4) -> 328000
B19: Boro | C19: Cosmo ion Boro | D19: Kg | E19: 2 | F19: =+'RESUMEN INSUMOS'!F17 -> 21000 | G19: =(F19*E19) -> 42000 | H19: =(G19*4) -> 168000
B20: SUBTOTAL | G20: =SUM(G16:G19) -> 294000 | H20: =SUM(H16:H19) -> 1176000
C21: FUNGICIDAS
B22: Clorothalonil | C22: Daconil | D22: L | E22: 6 | F22: =+'RESUMEN INSUMOS'!F25 -> 43333.333 | G22: =(F22*E22) -> 260000 | H22: =(G22*4) -> 1040000
B23: Bacillus subtilis QST 173 | C23: serenade | D23: kg | E23: 1 | F23: 39900 | G23: =(F23*E23) -> 39900 | H23: =(G23*4) -> 159600
B24: Reynoutria sachalinensis | C24: regalia maxx | D24: Lb | E24: 1 | F24: 26700 | G24: =(F24*E24) -> 26700 | H24: =(G24*4) -> 106800
B25: Fluopicolide + Propineb | C25: Trivia | D25: Kg | E25: 3 | F25: =+'RESUMEN INSUMOS'!F21 -> 25000 | G25: =(F25*E25) -> 75000 | H25: =(G25*4) -> 300000
B26: Cymoxanil + Propineb | C26: Fitoraz | D26: Kg | E26: 3 | F26: =+'RESUMEN INSUMOS'!F22 -> 23666.667 | G26: =(F26*E26) -> 71000 | H26: =(G26*4) -> 284000
B27: SUBTOTAL | G27: =SUM(G22:G26) -> 472600 | H27: =SUM(H22:H26) -> 1890400
C28: INSECTICIDAS
B29: Clorathraniliprole | C29: Coragen | D29: 1/2L | E29: 1 | F29: =+'RESUMEN INSUMOS'!F31 -> 668666.67 | G29: =(F29*E29) -> 668666.67 | H29: =(G29*4) -> 2674666.7
B30: Bacillus thuringiensis | C30: flower BT | D30: 250g | E30: 3 | F30: 31000 | G30: =(F30*E30) -> 93000 | H30: =(G30*4) -> 372000
B31: Fipronil | C31: Regent | D31: L | E31: 1 | F31: =+'RESUMEN INSUMOS'!F34 -> 166666.67 | G31: =(F31*E31) -> 166666.67 | H31: =(G31*4) -> 666666.67
B32: Betacylfutrin | C32: Connect Duo | D32: L | E32: 1 | F32: =+'RESUMEN INSUMOS'!F35 -> 181000 | G32: =(F32*E32) -> 181000 | H32: =(G32*4) -> 724000
B33: SUBTOTAL | G33: =SUM(G29:G32) -> 1109333.3 | H33: =SUM(H29:H32) -> 4437333.3
C34: ADICIONALES
B35: Glifosato | C35: Roundup | D35: Gal | E35: 1 | F35: =+'RESUMEN INSUMOS'!F37 -> 72333.333 | G35: =(F35*E35) -> 72333.333 | H35: =(G35*4) -> 289333.33
B36: Quelatos y citratos | C36: Cosmo aguas | D36: L | E36: 3 | F36: =+'RESUMEN INSUMOS'!F38 -> 38333.333 | G36: =(F36*E36) -> 115000 | H36: =(G36*4) -> 460000
B37: Alcoholes lauricos y etioxilados | C37: Inex - A | D37: L | E37: 4 | F37: =+'RESUMEN INSUMOS'!F39 -> 33333.333 | G37: =(F37*E37) -> 133333.33 | H37: =(G37*4) -> 533333.33
B38: SUBTOTAL | G38: =SUM(G35:G37) -> 320666.67 | H38: =SUM(H35:H37) -> 1282666.7
C39: HERRAMIENTAS
B40: BOMBA DE ESPALDA | C40: Royal condor | D40: 20L | E40: 1 | F40: =+'RESUMEN INSUMOS'!F55 -> 316666.67 | G40: =(F40*E40) -> 316666.67 | H40: =(G40*4) -> 1266666.7
B41: MATRACA (CHUZO) para MAIZ | D41: unidad | E41: 1 | F41: =+'RESUMEN INSUMOS'!F58 -> 115000 | G41: =(F41*E41) -> 115000 | H41: =(G41*4) -> 460000
B42: KIT BIOSEGUIRIDAD | D42: mascarilla+guantes | E42: 1 | F42: =+'RESUMEN INSUMOS'!F56 -> 130000 | G42: =(F42*E42) -> 130000 | H42: =(G42*4) -> 520000
B43: SACAS PLASTICAS | D43: SACA 50Kg | E43: 200 | F43: =+'RESUMEN INSUMOS'!F57 -> 650 | G43: =(F43*E43) -> 130000 | H43: =(G43*4) -> 520000
B44: SUBTOTAL | G44: =SUM(G40:G43) -> 691666.67 | H44: =SUM(H40:H43) -> 2766666.7
B45: TOTAL | G45: =SUM(G44,G38,G33,G27,G20,G14,G5) -> 5292600 | H45: =SUM(H44,H38,H33,H27,H20,H14,H5) -> 21170400

Sheet IN. CEBADA.
B1: INSUMOS Y HERRAMIENTAS PARA ADELANTAR PROCESOS DEMOSTRATIVOS DE MANEJO AGRONÓMICO EN EL CULTIVO DE CEBADA
B2: DETALLE | C2: NOMBRE COMERCIAL | D2: UNIDAD | E2: CANTIDAD / Kg por 1/2Has | F2: PRECIO UNITARIO | G2: PARCELA (5.000m2) | H2: 4 PARCELAS PROYECTO (40.000m2)
C3: SEMILLA
B4: Semilla certificada Cebada semestral CEBADA L-128 grano y forraje | C4: Fenalce L-128 | D4: (Kg) | E4: 90 | F4: =+'RESUMEN INSUMOS'!F48 -> 3000 | G4: =(F4*E4) -> 270000 | H4: =(G4*4) -> 1080000
B5: SUBTOTAL | G5: =SUM(G4) -> 270000 | H5: =SUM(H4) -> 1080000
C6: FERTILIZANTE EDAFICO
B7: Carbonato de Calcio y oxido de magnesio | C7: enmienda triple | D7: bulto (50Kg) | E7: 20 | F7: =+'RESUMEN INSUMOS'!F4 -> 41500 | G7: =(F7*E7) -> 830000 | H7: =(G7*4) -> 3320000
B8: fosfato Diamonico | C8: DAP | D8: bulto (50Kg) | E8: 1 | F8: =+'RESUMEN INSUMOS'!F9 -> 167000 | G8: =(F8*E8) -> 167000 | H8: =(G8*4) -> 668000
B9: Cloruro de Potasio (0-0-60) | C9: KCL | D9: bulto (50Kg) | E9: 1 | F9: =+'RESUMEN INSUMOS'!F10 -> 161000 | G9: =(F9*E9) -> 161000 | H9: =(G9*4) -> 644000
B10: Urea (39-0-0-5-3) | C10: Nitro xtend | D10: bulto (50Kg) | E10: 1 | F10: =+'RESUMEN INSUMOS'!F11 -> 151000 | G10: =(F10*E10) -> 151000 | H10: =(G10*4) -> 604000
B11: Sulfato de Amonio (21-0-0-24) | C11: Suflt | D11: bulto (50Kg) | E11: 1 | F11: =+'RESUMEN INSUMOS'!F12 -> 95000 | G11: =(F11*E11) -> 95000 | H11: =(G11*4) -> 380000
B12: Elementos menores | C12: cosmo R | D12: bulto (50Kg) | E12: 1 | F12: =+'RESUMEN INSUMOS'!F7 -> 94000 | G12: =(F12*E12) -> 94000 | H12: =(G12*4) -> 376000
B13: Materia Organica (compostada) | D13: bulto (50Kg) | E13: 10 | F13: =+'RESUMEN INSUMOS'!F8 -> 20333.333 | G13: =(F13*E13) -> 203333.33 | H13: =(G13*4) -> 813333.33
B14: SUBTOTAL | G14: =SUM(G7:G13) -> 1701333.3 | H14: =SUM(H7:H13) -> 6805333.3
C15: FERTILIZANTE FOLIAR
B16: Elementos menores y secundarios | C16: Cosmoquel balance menores | D16: Kg | E16: 4 | F16: =+'RESUMEN INSUMOS'!F14 -> 18500 | G16: =(F16*E16) -> 74000 | H16: =(G16*4) -> 296000
B17: Sulfato de magnesio | C17: Kelatex magnesio | D17: Kg | E17: 4 | F17: =+'RESUMEN INSUMOS'!F15 -> 12000 | G17: =(F17*E17) -> 48000 | H17: =(G17*4) -> 192000
B18: Fosfito de potasio | C18: Prevenphos | D18: Kg | E18: 2 | F18: =+'RESUMEN INSUMOS'!F16 -> 41000 | G18: =(F18*E18) -> 82000 | H18: =(G18*4) -> 328000
B19: Boro | C19: Cosmo ion Boro | D19: Kg | E19: 2 | F19: =+'RESUMEN INSUMOS'!F17 -> 21000 | G19: =(F19*E19) -> 42000 | H19: =(G19*4) -> 168000
B20: SUBTOTAL | G20: =SUM(G16:G19) -> 246000 | H20: =SUM(H16:H19) -> 984000
C21: FUNGICIDAS
B22: Clorothalonil | C22: Daconil | D22: L | E22: 4 | F22: =+'RESUMEN INSUMOS'!F25 -> 43333.333 | G22: =(F22*E22) -> 173333.33 | H22: =(G22*4) -> 693333.33
B23: Propiconazole | C23: Tilt | D23: L | E23: 1 | F23: =+'RESUMEN INSUMOS'!F26 -> 80000 | G23: =(F23*E23) -> 80000 | H23: =(G23*4) -> 320000
B24: Reynoutria sachalinensis | C24: regalia maxx | D24: Lb | E24: 1 | F24: 26700 | G24: =(F24*E24) -> 26700 | H24: =(G24*4) -> 106800
B25: Carboxim + thiram | C25: Vitavax | D25: Kg | E25: 1 | F25: =+'RESUMEN INSUMOS'!F27 -> 46333.333 | G25: =(F25*E25) -> 46333.333 | H25: =(G25*4) -> 185333.33
B26: SUBTOTAL | G26: =SUM(G22:G25) -> 326366.67 | H26: =SUM(H22:H25) -> 1305466.7
C27: INSECTICIDAS
B28: Bacillus thuringiensis | C28: flower BT | D28: 1/2L | E28: 2 | F28: 56000 | G28: =(F28*E28) -> 112000 | H28: =(G28*4) -> 448000
B29: Cyanthraniliprole | C29: Preza | D29: L | E29: 2 | F29: =+'RESUMEN INSUMOS'!F30 -> 401000 | G29: =(F29*E29) -> 802000 | H29: =(G29*4) -> 3208000
B30: SUBTOTAL | G30: =SUM(G28:G29) -> 914000 | H30: =SUM(H28:H29) -> 3656000
C31: ADICIONALES
B32: Glifosato | C32: Roundup | D32: Gal | E32: 1 | F32: =+'RESUMEN INSUMOS'!F37 -> 72333.333 | G32: =(F32*E32) -> 72333.333 | H32: =(G32*4) -> 289333.33
B33: Metsulfuron metil | C33: Eureka | D33: sobre (200g) | E33: 1 | F33: =+'RESUMEN INSUMOS'!F41 -> 9333.3333 | G33: =(F33*E33) -> 9333.3333 | H33: =(G33*4) -> 37333.333
B34: Quelatos y citratos | C34: Cosmo aguas | D34: L | E34: 4 | F34: =+'RESUMEN INSUMOS'!F38 -> 38333.333 | G34: =(F34*E34) -> 153333.33 | H34: =(G34*4) -> 613333.33
B35: Alcoholes lauricos y etioxilados | C35: Inex - A | D35: L | E35: 5 | F35: =+'RESUMEN INSUMOS'!F39 -> 33333.333 | G35: =(F35*E35) -> 166666.67 | H35: =(G35*4) -> 666666.67
B36: SUBTOTAL | G36: =SUM(G32:G35) -> 401666.67 | H36: =SUM(H32:H35) -> 1606666.7
C37: HERRAMIENTAS
B38: BOMBA DE ESPALDA | C38: Royal condor | D38: 20L | E38: 1 | F38: =+'RESUMEN INSUMOS'!F55 -> 316666.67 | G38: =(F38*E38) -> 316666.67 | H38: =(G38*4) -> 1266666.7
B39: KIT BIOSEGUIRIDAD | D39: mascarilla+guantes | E39: 1 | F39: =+'RESUMEN INSUMOS'!F56 -> 130000 | G39: =(F39*E39) -> 130000 | H39: =(G39*4) -> 520000
B40: SACAS PLASTICAS | D40: SACA 50Kg | E40: 100 | F40: =+'RESUMEN INSUMOS'!F57 -> 650 | G40: =(F40*E40) -> 65000 | H40: =(G40*4) -> 260000
B41: SUBTOTAL | G41: =SUM(G38:G40) -> 511666.67 | H41: =SUM(H38:H40) -> 2046666.7
B42: TOTAL | G42: =SUM(G41,G36,G30,G26,G20,G14,G5) -> 4371033.3 | H42: =SUM(H41,H36,H30,H26,H20,H14,H5) -> 17484133

Sheet IN. TRIGO.
B1: INSUMOS Y HERRAMIENTAS PARA ADELANTAR PROCESOS DEMOSTRATIVOS DE MANEJO AGRONÓMICO EN EL CULTIVO DE TRIGO
B2: DETALLE | C2: NOMBRE COMERCIAL | D2: UNIDAD | E2: CANTIDAD /Kg por 1/2Has | F2: PRECIO UNITARIO | G2: PARCELA (5.000m2) | H2: 4 PARCELAS PROYECTO (40.000m2)
C3: SEMILLA
B4: Semilla certificada Trigo semestral grano y forraje | C4: FNC FENIX Semilla | D4: (Kg) | E4: 100 | F4: =+'RESUMEN INSUMOS'!F49 -> 3200 | G4: =(F4*E4) -> 320000 | H4: =(G4*4) -> 1280000
B5: SUBTOTAL | G5: =SUM(G4) -> 320000 | H5: =SUM(H4) -> 1280000
C6: FERTILIZANTE EDAFICO
B7: Carbonato de Calcio y oxido de magnesio | C7: enmienda triple | D7: bulto (50Kg) | E7: 20 | F7: =+'RESUMEN INSUMOS'!F4 -> 41500 | G7: =(F7*E7) -> 830000 | H7: =(G7*4) -> 3320000
B8: fosfato Diamonico | C8: DAP | D8: bulto (50Kg) | E8: 1 | F8: =+'RESUMEN INSUMOS'!F9 -> 167000 | G8: =(F8*E8) -> 167000 | H8: =(G8*4) -> 668000
B9: Cloruro de Potasio (0-0-60) | C9: KCL | D9: bulto (50Kg) | E9: 1 | F9: =+'RESUMEN INSUMOS'!F10 -> 161000 | G9: =(F9*E9) -> 161000 | H9: =(G9*4) -> 644000
B10: Urea (39-0-0-5-3) | C10: Nitro xtend | D10: bulto (50Kg) | E10: 1 | F10: =+'RESUMEN INSUMOS'!F11 -> 151000 | G10: =(F10*E10) -> 151000 | H10: =(G10*4) -> 604000
B11: Sulfato de Amonio (21-0-0-24) | C11: Suflt | D11: bulto (50Kg) | E11: 1 | F11: =+'RESUMEN INSUMOS'!F12 -> 95000 | G11: =(F11*E11) -> 95000 | H11: =(G11*4) -> 380000
B12: Elementos menores | C12: cosmo R | D12: bulto (50Kg) | E12: 1 | F12: =+'RESUMEN INSUMOS'!F7 -> 94000 | G12: =(F12*E12) -> 94000 | H12: =(G12*4) -> 376000
B13: Materia Organica (compostada) | D13: bulto (50Kg) | E13: 10 | F13: =+'RESUMEN INSUMOS'!F8 -> 20333.333 | G13: =(F13*E13) -> 203333.33 | H13: =(G13*4) -> 813333.33
B14: SUBTOTAL | G14: =SUM(G7:G13) -> 1701333.3 | H14: =SUM(H7:H13) -> 6805333.3
C15: FERTILIZANTE FOLIAR
B16: Elementos menores y secundarios | C16: Cosmoquel balance menores | D16: Kg | E16: 4 | F16: =+'RESUMEN INSUMOS'!F14 -> 18500 | G16: =(F16*E16) -> 74000 | H16: =(G16*4) -> 296000
B17: Sulfato de magnesio | C17: Kelatex magnesio | D17: Kg | E17: 4 | F17: =+'RESUMEN INSUMOS'!F15 -> 12000 | G17: =(F17*E17) -> 48000 | H17: =(G17*4) -> 192000
B18: Fosfito de potasio | C18: Prevenphos | D18: Kg | E18: 2 | F18: =+'RESUMEN INSUMOS'!F16 -> 41000 | G18: =(F18*E18) -> 82000 | H18: =(G18*4) -> 328000
B19: Boro | C19: Cosmo ion Boro | D19: Kg | E19: 2 | F19: =+'RESUMEN INSUMOS'!F17 -> 21000 | G19: =(F19*E19) -> 42000 | H19: =(G19*4) -> 168000
B20: SUBTOTAL | G20: =SUM(G16:G19) -> 246000 | H20: =SUM(H16:H19) -> 984000
C21: FUNGICIDAS
B22: Clorothalonil | C22: Daconil | D22: L | E22: 4 | F22: =+'RESUMEN INSUMOS'!F25 -> 43333.333 | G22: =(F22*E22) -> 173333.33 | H22: =(G22*4) -> 693333.33
B23: Propiconazole | C23: Tilt | D23: L | E23: 1 | F23: =+'RESUMEN INSUMOS'!F26 -> 80000 | G23: =(F23*E23) -> 80000 | H23: =(G23*4) -> 320000
B24: Reynoutria sachalinensis | C24: regalia maxx | D24: Lb | E24: 1 | F24: 26700 | G24: =(F24*E24) -> 26700 | H24: =(G24*4) -> 106800
B25: Carboxim + thiram | C25: Vitavax | D25: Kg | E25: 1 | F25: =+'RESUMEN INSUMOS'!F27 -> 46333.333 | G25: =(F25*E25) -> 46333.333 | H25: =(G25*4) -> 185333.33
B26: SUBTOTAL | G26: =SUM(G22:G25) -> 326366.67 | H26: =SUM(H22:H25) -> 1305466.7
C27: INSECTICIDAS
B28: Spinetoram | C28: Exalt | D28: L | E28: 2 | F28: =+'RESUMEN INSUMOS'!F29 -> 311666.67 | G28: =(F28*E28) -> 623333.33 | H28: =(G28*4) -> 2493333.3
B29: Extracto de Neem (Azadiractina al 70%) | C29: natural neem | D29: L | E29: 1 | F29: 30000 | G29: =(F29*E29) -> 30000 | H29: =(G29*4) -> 120000
B30: Ruda Ruta graveolens | C30: rutinal | D30: L | E30: 1 | F30: 42100 | G30: =(F30*E30) -> 42100 | H30: =(G30*4) -> 168400
B31: SUBTOTAL | G31: =SUM(G28:G30) -> 695433.33 | H31: =SUM(H28:H30) -> 2781733.3
C32: ADICIONALES
B33: Glifosato | C33: Roundup | D33: Gal | E33: 1 | F33: =+'RESUMEN INSUMOS'!F37 -> 72333.333 | G33: =(F33*E33) -> 72333.333 | H33: =(G33*4) -> 289333.33
B34: Metsulfuron metil | C34: Eureka | D34: sobre (200g) | E34: 1 | F34: =+'RESUMEN INSUMOS'!F41 -> 9333.3333 | G34: =(F34*E34) -> 9333.3333 | H34: =(G34*4) -> 37333.333
B35: Quelatos y citratos | C35: Cosmo aguas | D35: L | E35: 4 | F35: =+'RESUMEN INSUMOS'!F38 -> 38333.333 | G35: =(F35*E35) -> 153333.33 | H35: =(G35*4) -> 613333.33
B36: Alcoholes lauricos y etioxilados | C36: Inex - A | D36: L | E36: 3 | F36: =+'RESUMEN INSUMOS'!F39 -> 33333.333 | G36: =(F36*E36) -> 100000 | H36: =(G36*4) -> 400000
B37: SUBTOTAL | G37: =SUM(G33:G36) -> 335000 | H37: =SUM(H33:H36) -> 1340000
C38: HERRAMIENTAS
B39: BOMBA DE ESPALDA | C39: Royal condor | D39: 20L | E39: 1 | F39: =+'RESUMEN INSUMOS'!F55 -> 316666.67 | G39: =(F39*E39) -> 316666.67 | H39: =(G39*4) -> 1266666.7
B40: KIT BIOSEGUIRIDAD | D40: mascarilla+guantes | E40: 1 | F40: =+'RESUMEN INSUMOS'!F56 -> 130000 | G40: =(F40*E40) -> 130000 | H40: =(G40*4) -> 520000
B41: SACAS PLASTICAS | D41: SACA 50Kg | E41: 100 | F41: =+'RESUMEN INSUMOS'!F57 -> 650 | G41: =(F41*E41) -> 65000 | H41: =(G41*4) -> 260000
B42: SUBTOTAL | G42: =SUM(G39:G41) -> 511666.67 | H42: =SUM(H39:H41) -> 2046666.7
B43: TOTAL | G43: =SUM(G42,G37,G31,G26,G20,G14,G5) -> 4135800 | H43: =SUM(H42,H37,H31,H26,H20,H14,H5) -> 16543200

Sheet IN. FORRAJE.
B1: INSUMOS Y HERRAMIENTAS PARA ADELANTAR PROCESOS DEMOSTRATIVOS DE MANEJO AGRONÓMICO EN EL CULTIVO DE TRIGO
B2: DETALLE | C2: NOMBRE COMERCIAL | D2: UNIDAD | E2: CANTIDAD / 1/2Has | F2: PRECIO UNITARIO | G2: PARCELA (5.000m2) | H2: 4 PARCELAS PROYECTO (40.000m2)
C3: SEMILLA
B4: Semilla certificada Pasto Forrajero | C4: Pasto forrajero Rye grass | D4: kg | E4: 10 | F4: =+'RESUMEN INSUMOS'!F50 -> 10000 | G4: =(F4*E4) -> 100000 | H4: =(G4*4) -> 400000
B5: SUBTOTAL | G5: =SUM(G4) -> 100000 | H5: =SUM(H4) -> 400000
C6: FERTILIZANTE EDAFICO
B7: Carbonato de Calcio y oxido de magnesio | C7: enmienda triple | D7: bulto (50Kg) | E7: 6 | F7: =+'RESUMEN INSUMOS'!F4 -> 41500 | G7: =(F7*E7) -> 249000 | H7: =(G7*4) -> 996000
B8: fosfato Diamonico | C8: DAP | D8: bulto (50Kg) | E8: 1 | F8: =+'RESUMEN INSUMOS'!F9 -> 167000 | G8: =(F8*E8) -> 167000 | H8: =(G8*4) -> 668000
B9: Cloruro de Potasio (0-0-60) | C9: KCL | D9: bulto (50Kg) | E9: 1 | F9: =+'RESUMEN INSUMOS'!F10 -> 161000 | G9: =(F9*E9) -> 161000 | H9: =(G9*4) -> 644000
B10: Urea (39-0-0-5-3) | C10: Nitro xtend | D10: bulto (50Kg) | E10: 1 | F10: =+'RESUMEN INSUMOS'!F11 -> 151000 | G10: =(F10*E10) -> 151000 | H10: =(G10*4) -> 604000
B11: Elementos menores | C11: cosmo R | D11: bulto (50Kg) | E11: 1 | F11: =+'RESUMEN INSUMOS'!F7 -> 94000 | G11: =(F11*E11) -> 94000 | H11: =(G11*4) -> 376000
B12: SUBTOTAL | G12: =SUM(G7:G11) -> 822000 | H12: =SUM(H7:H11) -> 3288000
C13: FERTILIZANTE FOLIAR
B14: Elementos menores y secundarios | C14: Cosmoquel balance menores | D14: Kg | E14: 2 | F14: =+'RESUMEN INSUMOS'!F14 -> 18500 | G14: =(F14*E14) -> 37000 | H14: =(G14*4) -> 148000
B15: Fosfito de potasio | C15: Prevenphos | D15: Kg | E15: 1 | F15: =+'RESUMEN INSUMOS'!F16 -> 41000 | G15: =(F15*E15) -> 41000 | H15: =(G15*4) -> 164000
B16: Boro | C16: Cosmo ion Boro | D16: Kg | E16: 1 | F16: =+'RESUMEN INSUMOS'!F17 -> 21000 | G16: =(F16*E16) -> 21000 | H16: =(G16*4) -> 84000
B17: SUBTOTAL | G17: =SUM(G14:G16) -> 99000 | H17: =SUM(H14:H16) -> 396000
C18: FUNGICIDAS
B19: Clorothalonil | C19: Daconil | D19: L | E19: 1 | F19: =+'RESUMEN INSUMOS'!F25 -> 43333.333 | G19: =(F19*E19) -> 43333.333 | H19: =(G19*4) -> 173333.33
B20: Propiconazole | C20: Tilt | D20: L | E20: 1 | F20: =+'RESUMEN INSUMOS'!F26 -> 80000 | G20: =(F20*E20) -> 80000 | H20: =(G20*4) -> 320000
B21: Reynoutria sachalinensis | C21: regalia maxx | D21: Lb | E21: 1 | F21: 26700 | G21: =(F21*E21) -> 26700 | H21: =(G21*4) -> 106800
B22: SUBTOTAL | G22: =SUM(G19:G21) -> 150033.33 | H22: =SUM(H19:H21) -> 600133.33
C23: INSECTICIDAS
B24: Spinetoram | C24: Exalt | D24: L | E24: 1 | F24: =+'RESUMEN INSUMOS'!F29 -> 311666.67 | G24: =(F24*E24) -> 311666.67 | H24: =(G24*4) -> 1246666.7
B25: Extracto de Neem (Azadiractina al 70%) | C25: natural neem | D25: L | E25: 1 | F25: 30000 | G25: =(F25*E25) -> 30000 | H25: =(G25*4) -> 120000
B26: Ruda Ruta graveolens | C26: rutinal | D26: L | E26: 1 | F26: 42100 | G26: =(F26*E26) -> 42100 | H26: =(G26*4) -> 168400
B27: SUBTOTAL | G27: =SUM(G24:G26) -> 383766.67 | H27: =SUM(H24:H26) -> 1535066.7
C28: ADICIONALES
B29: Glifosato | C29: Roundup | D29: Gal | E29: 1 | F29: =+'RESUMEN INSUMOS'!F37 -> 72333.333 | G29: =(F29*E29) -> 72333.333 | H29: =(G29*4) -> 289333.33
B30: Metsulfuron metil | C30: Eureka | D30: sobre (200g) | E30: 1 | F30: =+'RESUMEN INSUMOS'!F41 -> 9333.3333 | G30: =(F30*E30) -> 9333.3333 | H30: =(G30*4) -> 37333.333
B31: Quelatos y citratos | C31: Cosmo aguas | D31: L | E31: 1 | F31: =+'RESUMEN INSUMOS'!F38 -> 38333.333 | G31: =(F31*E31) -> 38333.333 | H31: =(G31*4) -> 153333.33
B32: Alcoholes lauricos y etioxilados | C32: Inex - A | D32: L | E32: 1 | F32: =+'RESUMEN INSUMOS'!F39 -> 33333.333 | G32: =(F32*E32) -> 33333.333 | H32: =(G32*4) -> 133333.33
B33: SUBTOTAL | G33: =SUM(G29:G32) -> 153333.33 | H33: =SUM(H29:H32) -> 613333.33
B34: TOTAL | G34: =SUM(G33,G27,G22,G17,G12,G5) -> 1708133.3 | H34: =SUM(H33,H27,H22,H17,H12,H5) -> 6832533.3

Sheet CONT. ORGANIZACIONES
B1: Fortalecer los procesos productivos sobre los cultivos de cereales, forrajes y hortalizas de 360 pequeños productores de los municipios de Ospina, Sapuyes, Imues y Guatarilla; Subregión Sabana del departamento de Nariño.
B3: Actividades realizadas mediante mano de obra no calificada para la preparación del terreno, siembra de parcelas demostrativas, mantenimiento agronómico, labores de cosecha y poscosecha relacionadas con cultivo de papa, cebolla de bulbo, maiz, cebada, trigo y forrajes
B6: COMPONENTE. CONTRAPARTIDA BENEFICIARIOS REFLEJADA EN ACTIVIDADES CON MANO DE OBRA NO CALIFICADA. | K6: MUNICIPIO | L6: VEREDA | M6: ORGANIZACIÓN | N6: CONTRAPARTIDA
B7: LABORES DE MANEJO | C7: JORNALES | D7: BENEFICIARIOS | E7: MESES | F7: COSTO. UNITARIO | G7: COSTO. TOTAL | K7: GUAITARILLA | L7: SAN JOSE | M7: ASAGROPYAMB 20 JULIO | N7: 31800000
B8: Cultivo de papa | C8: =+C26 -> 37.503678 | D8: =+D26 -> 60 | E8: 6 | F8: =+F18 -> 30723 | G8: =$G$26 -> 21200000 | K8: IMUES | L8: EL CARMEN | M8: NEIRA SANTA ANA | N8: 10600000
B9: Cultivo de cebolla de bulbo | C9: =+C38 -> 37.503678 | D9: =+D38 -> 60 | E9: 6 | F9: =+F19 -> 30723 | G9: =$G$38 -> 21200000 | K9: IMUES | L9: EL ALIZAL | M9: ASOAGROALIZAL | N9: 10600000
B10: Cultivo de maiz blanco | C10: =+C50 -> 37.503678 | D10: =+D50 -> 60 | E10: 6 | F10: =+F20 -> 30723 | G10: =$G$50 -> 21200000 | K10: IMUES | L10: SANTA ROSA | M10: ASPROLAGO | N10: 10600000
B11: Cultivo de cebada | C11: =+C62 -> 37.503678 | D11: =+D62 -> 60 | E11: 6 | F11: =+F21 -> 30723 | G11: =$G$62 -> 21200000 | K11: OSPINA | L11: LAS MERCEDES | M11: SAMESUR | N11: 10600000
B12: Cultivo de trigo | C12: =+C74 -> 37.503678 | D12: =+D74 -> 60 | E12: 6 | F12: =+F22 -> 30723 | G12: =$G$74 -> 21200000 | K12: OSPINA | L12: LAS MERCEDES | M12: ASOCUNCHILA | N12: 10600000
B13: Cultivo de pasto forrajero | C13: =+C86 -> 37.503678 | D13: =+D86 -> 60 | E13: 6 | F13: =+F23 -> 30723 | G13: =$G$86 -> 21200000 | K13: OSPINA | L13: SAN MIGUEL | M13: LA UNION | N13: 10600000
C14: =SUM(C8:C13) -> 225.02207 | D14: =SUM(D8:D13) -> 360 | E14: =SUM(E8:E13) -> 36 | F14: =SUM(F8:F13) -> 184338 | G14: =SUM(G8:G13) -> 127200000 | K14: SAPUYES | L14: LA FLORESTA | M14: LA CRUZ | N14: 15900000
K15: SAPUYES | L15: SAN JORGE | M15: CRECER | N15: 15900000
B16: COMPONENTE. CONTRAPARTIDA BENEFICIARIOS REFLEJADA EN ACTIVIDADES CON MANO DE OBRA NO CALIFICADA PARA EL CULTIVO DE PAPA | K16: TOTAL | N16: =SUM(N7:N15) -> 127200000
B17: ACTIVIDADES | C17: JORNALES | D17: BENEFICIARIOS | E17: MESES | F17: COSTO. UNITARIO | G17: COSTO. TOTAL
B18: apertura de parcelas | C18: 4 | D18: 5 | E18: 1 | F18: 30723 | G18: =(C18*D18*E18*F18) -> 614460
B19: limpieza, eliminación de malezas | C19: 4 | D19: 5 | E19: 1 | F19: 30723 | G19: =(C19*D19*E19*F19) -> 614460
B20: trazado parcelas demostrativas | C20: 3 | D20: 5 | E20: 1 | F20: 30723 | G20: =(C20*D20*E20*F20) -> 460845
B21: siembra de papa | C21: 5.503678 | D21: 5 | E21: 2 | F21: 30723 | G21: =(C21*D21*E21*F21) -> 1690895
B22: fertilización y mantenimiento parcelas papa | C22: 4 | D22: 10 | E22: 4 | F22: 30723 | G22: =(C22*D22*E22*F22) -> 4915680
B23: fumigaciones preventiva y curativa de parcelas papa | C23: 4 | D23: 10 | E23: 4 | F23: 30723 | G23: =(C23*D23*E23*F23) -> 4915680
B24: cosecha de parcelas demostrativas | C24: 4 | D24: 10 | E24: 2 | F24: 30723 | G24: =(C24*D24*E24*F24) -> 2457840
B25: transporte a centro de acopio | C25: 9 | D25: 10 | E25: 2 | F25: 30723 | G25: =(C25*D25*E25*F25) -> 5530140
C26: =SUM(C18:C25) -> 37.503678 | D26: =SUM(D18:D25) -> 60 | G26: =SUM(G18:G25) -> 21200000
B28: COMPONENTE. CONTRAPARTIDA BENEFICIARIOS REFLEJADA EN ACTIVIDADES CON MANO DE OBRA NO CALIFICADA PARA EL CULTIVO DE CEBOLLA DE BULBO
B29: ACTIVIDADES | C29: JORNALES | D29: BENEFICIARIOS | E29: MESES | F29: COSTO. UNITARIO | G29: COSTO. TOTAL
B30: apertura de parcelas | C30: 4 | D30: 5 | E30: 1 | F30: 30723 | G30: =(C30*D30*E30*F30) -> 614460
B31: limpieza, eliminación de malezas | C31: 4 | D31: 5 | E31: 1 | F31: 30723 | G31: =(C31*D31*E31*F31) -> 614460
B32: trazado parcelas demostrativas | C32: 3 | D32: 5 | E32: 1 | F32: 30723 | G32: =(C32*D32*E32*F32) -> 460845
B33: siembra de cebolla de bulbo | C33: 5.503678 | D33: 5 | E33: 2 | F33: 30723 | G33: =(C33*D33*E33*F33) -> 1690895
B34: fertilización y mantenimiento parcelas cebolla de bulbo | C34: 4 | D34: 10 | E34: 4 | F34: 30723 | G34: =(C34*D34*E34*F34) -> 4915680
B35: fumigaciones preventiva y curativa de parcelas | C35: 4 | D35: 10 | E35: 4 | F35: 30723 | G35: =(C35*D35*E35*F35) -> 4915680
B36: cosecha de parcelas demostrativas | C36: 4 | D36: 10 | E36: 2 | F36: 30723 | G36: =(C36*D36*E36*F36) -> 2457840
B37: transporte a centro de acopio | C37: 9 | D37: 10 | E37: 2 | F37: 30723 | G37: =(C37*D37*E37*F37) -> 5530140
C38: =SUM(C30:C37) -> 37.503678 | D38: =SUM(D30:D37) -> 60 | G38: =SUM(G30:G37) -> 21200000
B40: COMPONENTE. CONTRAPARTIDA BENEFICIARIOS REFLEJADA EN ACTIVIDADES CON MANO DE OBRA NO CALIFICADA PARA EL CULTIVO DE MAIZ BLANCO
B41: ACTIVIDADES | C41: JORNALES | D41: BENEFICIARIOS | E41: MESES | F41: COSTO. UNITARIO | G41: COSTO. TOTAL
B42: apertura de parcelas | C42: 4 | D42: 5 | E42: 1 | F42: 30723 | G42: =(C42*D42*E42*F42) -> 614460
B43: limpieza, eliminación de malezas | C43: 4 | D43: 5 | E43: 1 | F43: 30723 | G43: =(C43*D43*E43*F43) -> 614460
B44: trazado parcelas demostrativas | C44: 3 | D44: 5 | E44: 1 | F44: 30723 | G44: =(C44*D44*E44*F44) -> 460845
B45: siembra de maiz blanco | C45: 5.503678 | D45: 5 | E45: 2 | F45: 30723 | G45: =(C45*D45*E45*F45) -> 1690895
B46: fertilización y mantenimiento parcelas maiz blanco | C46: 4 | D46: 10 | E46: 4 | F46: 30723 | G46: =(C46*D46*E46*F46) -> 4915680
B47: fumigaciones preventiva y curativa de parcelas | C47: 4 | D47: 10 | E47: 4 | F47: 30723 | G47: =(C47*D47*E47*F47) -> 4915680
B48: cosecha de parcelas demostrativas | C48: 4 | D48: 10 | E48: 2 | F48: 30723 | G48: =(C48*D48*E48*F48) -> 2457840
B49: transporte a centro de acopio | C49: 9 | D49: 10 | E49: 2 | F49: 30723 | G49: =(C49*D49*E49*F49) -> 5530140
C50: =SUM(C42:C49) -> 37.503678 | D50: =SUM(D42:D49) -> 60 | G50: =SUM(G42:G49) -> 21200000
B52: COMPONENTE. CONTRAPARTIDA BENEFICIARIOS REFLEJADA EN ACTIVIDADES CON MANO DE OBRA NO CALIFICADA PARA EL CULTIVO DE CEBADA
B53: ACTIVIDADES | C53: JORNALES | D53: BENEFICIARIOS | E53: MESES | F53: COSTO. UNITARIO | G53: COSTO. TOTAL
B54: apertura de parcelas | C54: 4 | D54: 5 | E54: 1 | F54: 30723 | G54: =(C54*D54*E54*F54) -> 614460
B55: limpieza, eliminación de malezas | C55: 4 | D55: 5 | E55: 1 | F55: 30723 | G55: =(C55*D55*E55*F55) -> 614460
B56: trazado parcelas demostrativas | C56: 3 | D56: 5 | E56: 1 | F56: 30723 | G56: =(C56*D56*E56*F56) -> 460845
B57: siembra de cebada | C57: 5.503678 | D57: 5 | E57: 2 | F57: 30723 | G57: =(C57*D57*E57*F57) -> 1690895
B58: fertilización y mantenimiento parcelas cebada | C58: 4 | D58: 10 | E58: 4 | F58: 30723 | G58: =(C58*D58*E58*F58) -> 4915680
B59: fumigaciones preventiva y curativa de parcelas | C59: 4 | D59: 10 | E59: 4 | F59: 30723 | G59: =(C59*D59*E59*F59) -> 4915680
B60: cosecha de parcelas demostrativas | C60: 4 | D60: 10 | E60: 2 | F60: 30723 | G60: =(C60*D60*E60*F60) -> 2457840
B61: transporte a centro de acopio | C61: 9 | D61: 10 | E61: 2 | F61: 30723 | G61: =(C61*D61*E61*F61) -> 5530140
C62: =SUM(C54:C61) -> 37.503678 | D62: =SUM(D54:D61) -> 60 | G62: =SUM(G54:G61) -> 21200000
B64: COMPONENTE. CONTRAPARTIDA BENEFICIARIOS REFLEJADA EN ACTIVIDADES CON MANO DE OBRA NO CALIFICADA PARA EL CULTIVO DE TRIGO
B65: ACTIVIDADES | C65: JORNALES | D65: BENEFICIARIOS | E65: MESES | F65: COSTO. UNITARIO | G65: COSTO. TOTAL
B66: apertura de parcelas | C66: 4 | D66: 5 | E66: 1 | F66: 30723 | G66: =(C66*D66*E66*F66) -> 614460
B67: limpieza, eliminación de malezas | C67: 4 | D67: 5 | E67: 1 | F67: 30723 | G67: =(C67*D67*E67*F67) -> 614460
B68: trazado parcelas demostrativas | C68: 3 | D68: 5 | E68: 1 | F68: 30723 | G68: =(C68*D68*E68*F68) -> 460845
B69: siembra de trigo | C69: 5.503678 | D69: 5 | E69: 2 | F69: 30723 | G69: =(C69*D69*E69*F69) -> 1690895
B70: fertilización y mantenimiento parcelas trigo | C70: 4 | D70: 10 | E70: 4 | F70: 30723 | G70: =(C70*D70*E70*F70) -> 4915680
B71: fumigaciones preventiva y curativa de parcelas | C71: 4 | D71: 10 | E71: 4 | F71: 30723 | G71: =(C71*D71*E71*F71) -> 4915680
B72: cosecha de parcelas demostrativas | C72: 4 | D72: 10 | E72: 2 | F72: 30723 | G72: =(C72*D72*E72*F72) -> 2457840
B73: transporte a centro de acopio | C73: 9 | D73: 10 | E73: 2 | F73: 30723 | G73: =(C73*D73*E73*F73) -> 5530140
C74: =SUM(C66:C73) -> 37.503678 | D74: =SUM(D66:D73) -> 60 | G74: =SUM(G66:G73) -> 21200000
B76: COMPONENTE. CONTRAPARTIDA BENEFICIARIOS REFLEJADA EN ACTIVIDADES CON MANO DE OBRA NO CALIFICADA PARA EL CULTIVO DE FORRAJES
B77: ACTIVIDADES | C77: JORNALES | D77: BENEFICIARIOS | E77: MESES | F77: COSTO. UNITARIO | G77: COSTO. TOTAL
B78: apertura de parcelas | C78: 4 | D78: 5 | E78: 1 | F78: 30723 | G78: =(C78*D78*E78*F78) -> 614460
B79: limpieza, eliminación de malezas | C79: 4 | D79: 5 | E79: 1 | F79: 30723 | G79: =(C79*D79*E79*F79) -> 614460
B80: trazado parcelas demostrativas | C80: 3 | D80: 5 | E80: 1 | F80: 30723 | G80: =(C80*D80*E80*F80) -> 460845
B81: siembra de pasto forrajero | C81: 5.503678 | D81: 5 | E81: 2 | F81: 30723 | G81: =(C81*D81*E81*F81) -> 1690895
B82: fertilización y mantenimiento parcelas pasto forrajero | C82: 4 | D82: 10 | E82: 4 | F82: 30723 | G82: =(C82*D82*E82*F82) -> 4915680
B83: fumigaciones preventiva y curativa de parcelas | C83: 4 | D83: 10 | E83: 4 | F83: 30723 | G83: =(C83*D83*E83*F83) -> 4915680
B84: cosecha de parcelas demostrativas | C84: 4 | D84: 10 | E84: 2 | F84: 30723 | G84: =(C84*D84*E84*F84) -> 2457840
B85: transporte a centro de acopio | C85: 9 | D85: 10 | E85: 2 | F85: 30723 | G85: =(C85*D85*E85*F85) -> 5530140
C86: =SUM(C78:C85) -> 37.503678 | D86: =SUM(D78:D85) -> 60 | G86: =SUM(G78:G85) -> 21200000

Sheet CONT. ALCALDIAS
B1: Fortalecer los procesos productivos sobre los cultivos de cereales, forrajes y hortalizas de 360 pequeños productores de los municipios de Ospina, Sapuyes, Imues y Guatarilla; Subregión Sabana del departamento de Nariño.
B3: Actividades realizadas a traves de ADMINISTRACIONES LOCALES (ALCALDIAS) para el sostenimiento primario de maquinaria verde operada por los municipios de GUAITARILLA, IMUES, OSPINA E IMUES, en labores de preparación de terreno, en actividades agricolas relacionadas con cultivo de papa, cebolla de bulbo, maiz, cebada, trigo y forrajes
B5: DETALLE | C5: COSTO UNITARIO | F5: MESES | G5: COSTO MUNICIPIO | H5: MUNICIPIOS | I5: COSTO TOTAL
B6: Adecuación deposito maquinaria | C6: 965000 | F6: 1 | G6: =(C6*F6) -> 965000 | H6: 4 | I6: =(C6*F6*H6) -> 3860000
B7: operarios | C7: 930000 | F7: 6 | G7: =(C7*F7) -> 5580000 | H7: 4 | I7: =(C7*F7*H7) -> 22320000
B8: filtros | C8: 152500 | F8: 1 | G8: =(C8*F8) -> 152500 | H8: 4 | I8: =(C8*F8*H8) -> 610000
B9: aceites | C9: 424100 | F9: 1 | G9: =(C9*F9) -> 424100 | H9: 4 | I9: =(C9*F9*H9) -> 1696400
B10: polizas | C10: 981637 | F10: 1 | G10: =I10/4 -> 981637.25 | H10: 4 | I10: 3926549
B11: combustible/mes: JOHN DEERE 5075E DIESEL 4.08 Gal/hr informacion de la ficha tecnica del equipo, en etapa de operación se trabajara en promedio 3 horas diarias | C11: 7508.9869 | D11: 244.8 | E11: =+C11*D11 -> 1838200 | F11: 3 | G11: =(E11*F11) -> 5514600 | H11: 4 | I11: =(E11*F11*H11) -> 22058400
B12: SUBTOTAL | G12: =SUM(G6:G11) -> 13617837 | I12: =SUM(I6:I11) -> 54471349
B16: DETALLE | C16: COSTO UNITARIO | D16: MESES | E16: COSTO MUNICIPIO | F16: DESCRIPCIÓN | G16: RESPONSABLE
B17: Adecuación deposito maquinaria | C17: 965000 | D17: 1 | E17: =(C17*D17) -> 965000 | F17: Se asume como adecuaciones levantamiento de techo en lamina para area de minima de 5 m x 7m (35m2) en predio municipal que garantiza su resguardo y custodia | G17: administración local municipal, aprobación certificada mediante alcalde representante y validada a traves de CDP
B18: operarios | C18: 930000 | D18: 6 | E18: =(C18*D18) -> 5580000 | F18: contratación de operarios con perfil tecnico agricola, con experiencia en manejo de maquinaria verde, adecuación de suelos agricolas minima de 1 AÑO. | G18: administración local municipal, aprobación certificada mediante alcalde representante y validada a traves de CDP
B19: filtros | C19: =+C8 -> 152500 | D19: =+F8 -> 1 | E19: =+G8 -> 152500 | F19: de la ficha tecnica del equipo adquirido. Comsumible a consideración de las recomendaciones del proveedor de la maquinaria adquirida | G19: administración local municipal, aprobación certificada mediante alcalde representante y validada a traves de CDP
B20: aceites | C20: =+C9 -> 424100 | D20: =+F9 -> 1 | E20: =+G9 -> 424100 | F20: de la ficha tecnica del equipo adquirido. Comsumible a consideración de las recomendaciones del proveedor de la maquinaria adquirida | G20: administración local municipal, aprobación certificada mediante alcalde representante y validada a traves de CDP
B21: polizas | C21: =+C10 -> 981637 | D21: 1 | E21: =+G10 -> 981637.25 | F21: garantia de respaldo contra riesgos o accidentes fortuitos propios de la operación en campo de la maquinaria durante el desarrollo del proyecto | G21: administración local municipal, aprobación certificada mediante alcalde representante y validada a traves de CDP
B22: combustible/mes: | C22: =+E11 -> 1838200 | D22: =+F11 -> 3 | E22: =+G11 -> 5514600 | F22: durante los 3 meses de la etapa de operación se trabaja en promedio 3 horas diarias en campo la maquinaria | G22: gastos de combustibles seran asumidos por los municipios despues del 3 mes de operación del proyecto.administración local municipal, aprobación certificada mediante alcalde representante y validada a traves de CDP
B23: SUBTOTAL | E23: =SUM(E17:E22) -> 13617837 | F23: 4 | G23: =(E23*F23) -> 54471349
G25: =+'PRESUPUESTO GENERAL'!E55 -> 0
B26: Adecuación deposito maquinaria | G26: ok
B27: DETALLE | C27: UNIDAD | D27: CANTIDAD | E27: COSTO UNITARIO | F27: COSTO TOTAL | G27: =+G23+G25 -> 54471349
B28: LAMINA DE ZINC 3,66m x 0,80m | C28: Uni | D28: 10 | E28: 32000 | F28: =(E28*D28) -> 320000
B29: PERFIL PLACA FACIL 5m x0,098m | C29: uni | D29: 7 | E29: 78000 | F29: =(E29*D29) -> 546000
B30: AMARRAS, PUNTILLAS | C30: kg | D30: 2 | E30: 4500 | F30: =(E30*D30) -> 9000
B31: TRANSPORTE | C31: Uni | D31: 1 | E31: 10000 | F31: =(E31*D31) -> 10000
B32: MANO DE OBRA | C32: jornal | D32: 2 | E32: 40000 | F32: =(E32*D32) -> 80000
B33: TOTAL | F33: =SUM(F28:F32) -> 965000

Sheet MANO DE OBRA CALIFICADA
A2: COMPONENTE. MANO DE OBRA CALIFICADA ACOMPAÑAMIENTO TECNICO AGRÍCOLA O AGRÓNOMO | K2: CARGA PRESTACIONAL MENSUAL (IBC 40%)
A3: A. Prestación de servicios profesionales: Tenicos agropecuarios, agrícolas, ingenieros agrónomos o a fines con experiencia minima de 12 meses en manejo de cultivos productivos de HORTALIZAS (papa, cebolla de bulbo), CEREALES (maíz, trigo, cebada) Y/O FORRAJES (pastos en general); reconocimiento de las zonas a laborar, facilidad de movilización y dedicación prioritaria al proyecto. | K3: Pago de obligaciones legales.
A4: N° | B4: MUNICIPIOS | C4: PROFESIONALES Y/O TECNICOS | D4: MESES | E4: VALOR PAGO/ UNITARIO | F4: AUXILIO TRANSPORTE/ MES | G4: VALOR TOTAL/MES | H4: VALOR TOTAL/ CONTRATO | I4: DEDICACIÓN | K4: PENSIÓN 12% | L4: SALUD 8,5% | M4: RIESGOS 6,96% | N4: TOTAL
A5: 1 | B5: GUAITARILLA | C5: 1 | D5: 6 | E5: 2825569 | F5: 320000 | G5: =(E5+F5) -> 3145569 | H5: =(C5*D5*G5) -> 18873414 | I5: 1 | K5: =(G5*40%)*12% -> 150987.31 | L5: =(E5*40%)*8.5% -> 96069.345 | M5: =(E5*40%)*6.96% -> 78663.84 | N5: =SUM(K5:M5) -> 325720.5
A6: 2 | B6: IMUES | C6: 1 | D6: 6 | E6: =+E5 -> 2825569 | F6: 320000 | G6: =(E6+F6) -> 3145569 | H6: =(C6*D6*G6) -> 18873414 | I6: 1 | K6: =(G6*40%)*12% -> 150987.31 | L6: =(E6*40%)*8.5% -> 96069.345 | M6: =(E6*40%)*6.96% -> 78663.84 | N6: =SUM(K6:M6) -> 325720.5
A7: 3 | B7: OSPINA | C7: 1 | D7: 6 | E7: =+E5 -> 2825569 | F7: 320000 | G7: =(E7+F7) -> 3145569 | H7: =(C7*D7*G7) -> 18873414 | I7: 1 | K7: =(G7*40%)*12% -> 150987.31 | L7: =(E7*40%)*8.5% -> 96069.345 | M7: =(E7*40%)*6.96% -> 78663.84 | N7: =SUM(K7:M7) -> 325720.5
A8: 4 | B8: SAPUYES | C8: 1 | D8: 6 | E8: =+E5 -> 2825569 | F8: 320000 | G8: =(E8+F8) -> 3145569 | H8: =(C8*D8*G8) -> 18873414 | I8: 1 | K8: =(G8*40%)*12% -> 150987.31 | L8: =(E8*40%)*8.5% -> 96069.345 | M8: =(E8*40%)*6.96% -> 78663.84 | N8: =SUM(K8:M8) -> 325720.5
A9: SUBTOTAL | C9: =SUM(C5:C8) -> 4 | D9: =SUM(D5:D8) -> 24 | F9: =SUM(F5:F8) -> 1280000 | H9: =SUM(H5:H8) -> 75493656 | N9: =SUM(N5:N8) -> 1302882
A10: TOTAL INVERSIÓN | G10: =(H9) -> 75493656
A14: COMPONENTE. MANO DE OBRA CALIFICADA ACOMPAÑAMIENTO SOCIO EMPRESARIAL | K14: CARGA PRESTACIONAL MENSUAL (IBC 40%)
A15: D. Prestación de servicios profesionales: Tenicos Social, administradores de empresas, economista o a fines con experiencia minima de 12 meses en manejo de COMUNIDADES y ACTIVIDADES SOCIO EMPRESARIALES, reconocimiento de las zonas a laborar, facilidad de movilización y dedicación prioritaria al proyecto. | K15: Pago de obligaciones legales.
A16: N° | B16: MUNICIPIOS | C16: PROFESIONALES Y/O TECNICOS | D16: MESES | E16: VALOR PAGO/ UNITARIO | F16: AUXILIO TRANSPORTE/ MES | G16: VALOR TOTAL/MES | H16: VALOR TOTAL/ CONTRATO | I16: DEDICACIÓN | K16: PENSIÓN 12% | L16: SALUD 8,5% | M16: RIESGOS 6,96% | N16: TOTAL
A17: 1 | B17: GUAITARILLA E IMUES | C17: 1 | D17: 1 | E17: =+E5 -> 2825569 | F17: 320000 | G17: =(E17+F17) -> 3145569 | H17: =(C17*D17*G17) -> 3145569 | I17: 1 | K17: =(G17*40%)*16% -> 201316.41 | L17: =(E17*40%)*8.5% -> 96069.345 | M17: =(E17*40%)*6.96% -> 78663.84 | N17: =SUM(K17:M17) -> 376049.6
A18: 2 | B18: OSPINA Y SAPUYES | C18: 1 | D18: 1 | E18: =+E17 -> 2825569 | F18: 320000 | G18: =(E18+F18) -> 3145569 | H18: =(C18*D18*G18) -> 3145569 | I18: 1 | K18: =(G18*40%)*12% -> 150987.31 | L18: =(E18*40%)*8.5% -> 96069.345 | M18: =(E18*40%)*6.96% -> 78663.84 | N18: =SUM(K18:M18) -> 325720.5
A19: SUBTOTAL | C19: =SUM(C17:C18) -> 2 | D19: =SUM(D17:D18) -> 2 | H19: =SUM(H17:H18) -> 6291138 | N19: =SUM(N17:N18) -> 701770.1
A20: TOTAL INVERSIÓN | G20: =(H19) -> 6291138
B23: INVERSIÓN MANO DE OBRA CALIFICADA PARA LA EJECUCIÓN DEL PROYECTO | C23: MUNICIPIOS ATENDIDOS | D23: N° MESES DE DURACIÓN | E23: PROFESIONALES A CONTRATAR | F23: COSTOS MENSUALES
B24: COMPONENTE PRODUCTIVO | C24: 4 | D24: 6 | E24: 4 | F24: =$G$10 -> 75493656
B25: COMPONENTE SOCIO- EMPRESARIAL | C25: 4 | D25: 1 | E25: 2 | F25: =$G$20 -> 6291138
B26: TOTAL INVERSION | D26: =SUM(D24:D25) -> 7 | E26: =SUM(E24:E25) -> 6 | F26: =SUM(F24:F25) -> 81784793

Sheet ECAS
A3: ENCUENTROS PARA EL ACOMPAÑAMIENTO TECNICO PRODUCTIVO DEL PROYECTO
A4: SUBTOTAL | H4: ECA´s demostrativa en manejo y aplicación de maquinaria verde para la preparación del suelo y manejo medio ambiental enfocado a la conservación del sueloECA demostrativa donde a través del técnico productivo se brindarán pautas del manejo, operatividad y uso indicado del banco de maquinaria agrícola para la preparación del suelo teniendo en cuenta las condiciones topográficas mínimas, línea productiva (cereales, forrajes, hortalizas), seguridad para la operación y personal idóneo para su manejo | L4: PAPELERIA/ SOCIALIZACIÓN | M4: PAPELERIA / TALLER | N4: REFRIGERIO/ PARTICIPANTE SOCIALIZACION | O4: REFRIGERIO II/ PARTICIPANTE TALLER
D5: ITEM | E5: TOTAL NUMERO DE PERSONAS | F5: PRECIO | G5: VALOR TOTAL
A6: ECAS Y SOCIALIZACIONES | B6: • Socialización de ejecución del proyecto con las organizaciones participantes de los 4 municipios priorizados • ECA´s demostrativa en manejo y aplicación de maquinaria verde para la preparación del suelo y manejo medio ambiental enfocado a la conservación del suelo, 1 jornada teórica de 6 horas cada una por cada grupo y 3 jornadas prácticas de 6 horas por grupo • ECA´s demostrativa en manejo agronómico y MIPE (manejo integrado de plagas y enfermedades) del cultivo papa y cebolla de bulbo, 2 jornadas teórica de 6 horas cada una por cada grupo y 4 jornadas prácticas de 6 horas por grupo" • ECA´s demostrativa en manejo agronómico y MIPE (manejo integrado de plagas y enfermedades) del cultivo cereales: Maíz, cebada y Trigo, 2 jornadas teórica de 6 horas cada una por cada grupo y 4 jornadas prácticas de 6 horas por grupo" • ECA´s demostrativa en manejo agronómico y MIPE (manejo integrado de plagas y enfermedades) en forrajes y practica de Ensilaje mecánico. 2 jornadas teórica de 6 horas cada una por cada grupo y 4 jornadas prácticas de 6 horas por grupo • socialización liquidación del proyecto con participantes de los 4 municipios priorizados | C6: • Socialización • "ECA Demostrativa, 30 personas por grupo; 3 grupos por municipio (90 personas por municipio)" • "ECA Demostrativa, 30 personas por grupo; 3 grupos por municipio (90 personas por municipio)" • "ECA Demostrativa, 30 personas por grupo; 3 grupos por municipio (90 personas por municipio)" • "ECA Demostrativa, 30 personas por grupo; 3 grupos por municipio (90 personas por municipio)" • Socialización | D6: MATERIALES APOYO | L6: 1500 | M6: 4500 | N6: 3000 | O6: 7500
D7: TABLA PLASTICA O MADERA | E7: 360 | F7: 4500 | G7: =+E7*F7 -> 1620000
D8: LAPICERO | E8: 360 | F8: 804 | G8: =+E8*F8 -> 289440 | L8: plegables alusivos al proyecto | M8: se entregara por una sola vez a los 360 beneficiarios un lapicero , una tabla plastica, una libreta y el material impreso didactico y de apoyo correspondiente a la tematica de cada eca | N8: snack y refresco | O8: almuerzo: sopa, plato de arroz con carne y/o pollo, plátano y/o papa y vaso de jugo
D9: AGENDA O BLOCK | E9: 360 | F9: 2000 | G9: =+E9*F9 -> 720000
F10: TOTAL | G10: =SUM(G7:G9) -> 2629440
D11: REFRIGERIO SOCIALIZACION INICIAL | H11: ECA demostrativa donde a través del técnico productivo se brindarán pautas y herramientas técnicas para el mantenimiento y desarrollo del cultivo de papa y de cebolla de bulbo, entre estas labores las aplicaciones de enmiendas edáficas, fertilizaciones foliares, fumigaciones preventivas y curativas, bajo conocimientos teóricos previos suministrados a través de datos puntuales y fortalecimiento de conocimientos propios de los agricultores con respecto a estas líneas productivas, condiciones de fertilización, plagas y enfermedades presentes en la región. Para ello se garantizará un espacio deaprendizaje como lo son las parcelas demostrativas, ubicadas en cada municipio de acuerdo a las organizaciones postulada
D12: SAPUYES , OSPINA, IMUES, GUAITARILLA | E12: 360 | F12: 3000 | G12: =+E12*F12 -> 1080000
G14: =SUM(G12:G13) -> 1080000
D15: ALMUERZOS ECA
D16: SAPUYES | E16: 360 | F16: 7500 | G16: =+E16*F16 -> 2700000
D17: OSPINA | E17: 360 | F17: 7500 | G17: =+E17*F17 -> 2700000
D18: IMUES | E18: 360 | F18: 7500 | G18: =+E18*F18 -> 2700000
D19: GUAITARILLA | E19: 360 | F19: 7500 | G19: =+E19*F19 -> 2700000
G20: =SUM(G16:G19) -> 10800000
D21: REFRIGERIO ECA | H21: ECA demostrativa donde a través del técnico productivo se brindarán pautas y herramientas técnicas para el mantenimiento y desarrollo del cultivo de maíz blanco, cebada y de trigo, entre estas labores las aplicaciones de enmiendas edáficas, fertilizaciones foliares, fumigaciones preventivas y curativas, bajo conocimientos teóricos previos suministrados a través de datos puntuales y fortalecimiento de conocimientos propios de los agricultores con respecto a estas líneas productivas, condiciones de fertilización, plagas y enfermedades presentes en la región. Para ello se garantizará un espacio de aprendizaje como lo son las parcelas demostrativas,ubicadas en cada municipio de acuerdo a las organizaciones postuladas
D22: SAPUYES | E22: 360 | F22: 3000 | G22: =+E22*F22 -> 1080000
D23: OSPINA | E23: 360 | F23: 3000 | G23: =+E23*F23 -> 1080000
D24: IMUES | E24: 360 | F24: 3000 | G24: =+E24*F24 -> 1080000
D25: GUAITARILLA | E25: 360 | F25: 3000 | G25: =+E25*F25 -> 1080000
G26: =SUM(G22:G25) -> 4320000
D27: REFRIGERIO SOCIALIZACION FINAL
D28: SAPUYES , OSPINA, IMUES, GUAITARILLA | E28: 360 | F28: 3000 | G28: =+E28*F28 -> 1080000
G30: =SUM(G28:G29) -> 1080000
A31: Fortalecimiento social | B31: 1 jornada teórica de 8 horas cada una por cada grupo y 1 jornada práctica de 8 horas por grupo. Tiempo total teoría (1 jornada*8 horas* 3 grupos) 24 horas. | C31: 30 personas por grupo; 3 grupos por municipio (90 personas por municipio), 4 municipios atendidos. Total 360 beneficiarios | D31: MATERIAL DIDACTICO DE CLASE ENTREGA EN CADA UNA DE LAS ECAS (4) | H31: ECA demostrativa donde a través del técnico productivo se brindarán pautas y herramientas técnicas para el mantenimiento y desarrollo del cultivo de ray grass, entre estas labores las aplicaciones de enmiendas edáficas, fertilizaciones foliares, fumigaciones preventivas y curativas, bajo conocimientos teóricos previos suministrados a través de datos puntuales y fortalecimiento de conocimientos propios de los agricultores con respecto a estas líneas productivas, condiciones de fertilización, plagas y enfermedades presentes en la región.Adicionalmente se usará maquinaria encaminada al proceso de recolección de pastos a través del corte mecánico y posterior ensilaje como materia prima de abastecimiento animal Para ello se garantizará un espacio de aprendizaje como lo son las parcelas demostrativas, ubicadas en cada municipio de acuerdo a las organizaciones postuladas.
A32: Herramientas contables básicas | B32: 1 jordana teórica de 8 horas cada una por cada grupo y 2 jornadas prácticas de 6 horas por grupo. Tiempo total teoría (1 jornada*8 horas* 3 grupos) 24 horas | C32: 30 personas por grupo; 3 grupos por municipio (90 personas por municipio), 4 municipios atendidos. Total 360 beneficiarios | D32: SAPUYES | E32: 360 | F32: 1616 | G32: =+E32*F32 -> 581760
D33: OSPINA | E33: 360 | F33: =+F32 -> 1616 | G33: =+E33*F33 -> 581760
D34: IMUES | E34: 360 | F34: =+F32 -> 1616 | G34: =+E34*F34 -> 581760
D35: GUAITARILLA | E35: 360 | F35: =+F32 -> 1616 | G35: =+E35*F35 -> 581760
G36: =SUM(G32:G35) -> 2327040
D37: MATERIAL DIDACTICO DE CLASE ENTREGA EN fortalecimiento empresarial
D38: SAPUYES , OSPINA, IMUES, GUAITARILLA | E38: 360 | F38: =+F32 -> 1616 | G38: =+E38*F38 -> 581760
G39: =SUM(G38) -> 581760
D40: MATERIAL DIDACTICO DE CLASE ENTREGA HERRAMIENTAS CONTABLES
D41: SAPUYES , OSPINA, IMUES, GUAITARILLA | E41: 360 | F41: =+F32 -> 1616 | G41: =+E41*F41 -> 581760
G42: =SUM(G41) -> 581760
D43: REFRIGERIO fortalecimiento empresarial
D44: SAPUYES , OSPINA, IMUES, GUAITARILLA | E44: 360 | F44: 3000 | G44: =+E44*F44 -> 1080000
G45: =SUM(G44) -> 1080000
D46: REFRIGERIO DE HERRAMIENTAS CONTABLES
D47: SAPUYES , OSPINA, IMUES, GUAITARILLA | E47: 360 | F47: 3000 | G47: =+E47*F47 -> 1080000
G48: =SUM(G47:G47) -> 1080000
G49: =+G10+G14+G20+G26+G30+G36+G39+G42+G45+G48 -> 25560000
B52: RESUMEN: INVERSIÓN ENCUENTROS PARA LA EJECUCIÓN DEL PROYECTO
B53: DETALLE | C53: MUNICIPIOS ATENDIDOS | D53: N° SESIONES | E53: N° DE ENCUENTROS | F53: BENEFICIARIOS ATENTIDOS | G53: VALOR | H53: COSTOS GLOBAL: ENCUENTROS
B54: ECAS DEMOSTRATIVAS PARA EL MANEJO TECNICO AGRONOMICO | C54: 4 | D54: 30 | E54: =(C54*D54) -> 120 | F54: 360 | G54: =+G10+G20+G26+G36 -> 20076480
B55: TALLERES COMPONENTE SOCIO- EMPRESARIAL, CONTABILIDAD | C55: 4 | D55: 4 | E55: =(C55*D55) -> 16 | F55: 360 | G55: =+G39+G42+G45+G48 -> 3323520
B56: SOCIALIZACIÓN EJECUCIÓN | C56: 4 | D56: 1 | E56: =(C56*D56) -> 4 | F56: 360 | G56: =+G14 -> 1080000
B57: SOCIALIZACIÓN CIERRE | C57: 4 | D57: 1 | E57: =(C57*D57) -> 4 | F57: 360 | G57: =+G30 -> 1080000
B58: TOTAL INVERSION | E58: =SUM(E54:E57) -> 144 | H58: =SUM(G54:G57) -> 25560000 | J58: OK

Sheet GASTOS_ADMIN
B3: COMPONENTE 1. CONTRATACIÓN PROFESIONALES A CARGO COORDINACIÓN Y OPERACIÓN PROYECTO | L3: CARGA PRESTACIONAL MENSUAL (IBC 40%) Pago de obligaciones legales.
B4: PERFIL PROFESIONAL | C4: CARGO | D4: MESES A CONTRATAR | E4: CANTIDAD | F4: PAGO/MES | G4: AUXILIO TRANSPORTE/MES | H4: VALOR TOTAL/MES | I4: COSTO TOTAL CONTRATO | J4: DEDICACIÓN | L4: PENSIÓN 12% | M4: SALUD 8,5% | N4: RIESGOS 6,96% | O4: TOTAL
B5: Ingeniero agronómo, especialista y/o a fines con experiencia minima 2 años en gerencia de proyectos productivos a fines con la propuesta y conocimiento encaminado a la mecanización de suelos agrícolas | C5: COORDINADOR PRODUCTIVO | D5: 8 | E5: 1 | F5: 3411200 | G5: 500000 | H5: =(F5+G5) -> 3911200 | I5: =(H5*D5) -> 31289600 | J5: 1 | L5: =(H5*40%)*12% -> 187737.6 | M5: =(H5*40%)*8.5% -> 132980.8 | N5: =(H5*40%)*6.96% -> 108887.81 | O5: =SUM(L5:N5) -> 429606.21
B6: Abogado, con experiencia en documentación legal y seguimiento de procesos juridicos administrativos | C6: SUPERVISOR GENERAL ADMINISTRATIVO LEGAL | D6: 8 | E6: 1 | F6: 1400000 | G6: 0 | H6: =(F6+G6) -> 1400000 | I6: =(H6*D6) -> 11200000 | J6: 0.5 | L6: =(H6*40%)*12% -> 67200 | M6: =(H6*40%)*8.5% -> 47600 | N6: =(F6*40%)*6.96% -> 38976 | O6: =SUM(L6:N6) -> 153776
B7: profesional administrativo (economista, administrador, o contador), con conocimientos propios en la ejecución de proyectos, con experiencia minima de 2 años | C7: administrador | D7: 8 | E7: 1 | F7: =+F6 -> 1400000 | G7: 0 | H7: =+H6 -> 1400000 | I7: =(H7*D7) -> 11200000 | J7: 0.5 | L7: =(H7*40%)*12% -> 67200 | M7: =(H7*40%)*8.5% -> 47600 | N7: =(F7*40%)*6.96% -> 38976 | O7: =SUM(L7:N7) -> 153776
D8: TOTAL CONTRATACIÓN | H8: =SUM(H5:H7) -> 6711200 | I8: =SUM(I5:I7) -> 53689600 | K8: OK | O8: =SUM(O5:O7) -> 737158.21
B10: Valor total del Proyecto | H10: 527916180
B11: COSTOS OPERACIONALES DEL PROYECTO
B12: DETALLE | C12: CANTIDAD | D12: MESES | F12: COSTO / UNITARIO | H12: SUBTOTAL
B14: Arrendamiento inmueble (oficinas y almacenamiento). | C14: 1 | D14: 8 | F14: 400000 | H14: =+F14*D14*C14 -> 3200000
B15: Servicios generales (agua, luz, internet) oficina administrativa | C15: 1 | D15: 8 | F15: 250000 | H15: =+F15*D15*C15 -> 2000000
B16: Papeleria para manejo operativo | C16: 1 | D16: 8 | F16: 300000 | H16: =+F16*D16*C16 -> 2400000
B17: Sub Total Costos operacionales | H17: =SUM(H14:H16) -> 7600000
B18: GASTOS LEGALIZACIÓN
B19: Estampilla Pro-Cultura de Nariño | G19: 0.02 | H19: =+G19*H10 -> 10558324
B20: Estampillas Pro - Universidad de Nariño | G20: 0.005 | H20: =+G20*H10 -> 2639580.9
B21: Estampillas Pro- Desarrollo Departamental | G21: 0.02 | H21: =+G21*H10 -> 10558324
B23: Póliza Salarios y Prestaciones Sociales | G23: 0.001 | H23: =+G23*H10 -> 527916.18
B24: Poliza de Anticipo (100% del valor del anticipo) (20/100) | G24: 0.002 | H24: =+G24*H10 -> 1055832.4
B25: Sub Total Gastos Legalización | H25: =SUM(H19:H24) -> 25339977
B26: TOTAL ADMINISTRACIÓN | H26: =H17+H25 -> 32939977
B29: TOTAL ADMINISTRACIÓN | H29: =+I8+H26 -> 86629577

Sheet Protocolo de Bioseguridad
A1: SECRETARIA DE AGRICULTURA
A3: DEPARTAMENTO DE NARIÑO
A5: PRESUPUESTO BIOSEGURIDAD COVID-19
A7: ACTIVIDAD 1
A8: PRESUPUESTO IMPLEMENTACION PROTOCOLO DE BIOSEGURIDAD POR COVID-19
A9: CARGO / OFICIO | B9: SUELDO Y/O | C9: CANTIDAD | D9: TIEMPO | E9: PARTICIPACIÓN | F9: VALOR
B10: JORNAL MENSUAL | C10: (Personas) | D10: (Meses) | E10: TOTAL (% Mes) | F10: PARCIAL
B11: (1) | C11: (2) | D11: (3) | E11: (4) | F11: (1)*(2)*(3)*(4) = (5)
A12: 1. COSTOS DIRECTOS PERSONAL IMPLEMENTACION PROTOCOLO BIOSEGURIDAD COVID-19
A13: 1.1 PERSONAL PROFESIONAL
A14: Inspector Seguridad y Salud en el Trabajo COVID-19 | B14: 0 | C14: 0 | D14: 0 | E14: 1 | F14: =ROUND(B14*C14*D14*E14,2) -> 0
A15: SUBTOTAL COSTOS DE PERSONAL = SUMATORIA DE (5) = (6) | F15: =SUM(F14) -> 0
A16: FACTOR PRESTACIONAL (7) | F16: 0
A17: TOTAL COSTO DIRECTO PERSONAL IMPLEMENTACIÓN PROTOCOLO BIOSEGURIDAD COVID-19 = (6) * (7) = (A) | F17: =ROUND(F15*F16,2) -> 0
A19: 2. COSTOS DIRECTOS INSUMOS IMPLEMENTACION DEL PROTOCOLO DE BIOSEGURIDAD COVID-19
A20: 2.1 IMPLEMENTACION PROTOCOLO BIOSEGURIDAD COVID-19 (ESPECIFICACION INVIAS 102.1P
A21: ITEM | B21: UNIDAD | C21: CANTIDAD | D21: VALOR UNITARIO | F21: VALOR TOTAL
C22: (8) | D22: (9) | F22: (8)*(9) = (10)
A23: Insumos Implementación Protocolo de Bioseguridad COVID-19 | B23: MES | C23: 8 | D23: =F47 -> 299790.65 | F23: =C23*D23 -> 2398325.2
A25: TOTAL COSTO DIRECTO INSUMOS IMPLEMENTACIÓN PROTOCOLO BIOSEGURIDAD COVID-19 = = SUMATORIA DE (10) = (B) | F25: =F23 -> 2398325.2
A26: TOTAL COSTO DIRECTO IMPLEMENTACIÓN PROTOCOLO BIOSEGURIDAD COVID-19 = (A) + (B) = (C) | F26: =F17+F25 -> 2398325.2
A27: 1.1 Gastos Administración Bioseguridad | D27: 0.032
A28: 1.2 Impuestos y Legalización | D28: =+D29+D30+D31+D32+D33+D34 -> 0.048
A29: 1.2.1 Impuesto Seguridad Ciudadana | D29: 0
A30: 1.2.2 Estampilla Pro Desarrollo | D30: 0.02
A31: 1.2.3 Estampilla Pro Cultura | D31: 0.02
A32: 1.2.4 Estampilla UDENAR | D32: 0.005
A33: 1.2.5 FIC | D33: 0
A34: 1.2.6 Pólizas | D34: 0.003
A35: ADMINISTRACIÓN (D) | D35: =D27+D28 -> 0.08 | F35: =F26*D35 -> 191866.02
A36: TOTAL COSTO IMPLEMENTACIÓN PROTOCOLO BIOSEGURIDAD COVID-19 = (C) + (D) | F36: =F26+F35 -> 2590191.2
A38: PRESUPUESTO IMPLEMENTACION PROTOCOLO DE BIOSEGURIDAD POR COVID-19
A39: INSUMOS | B39: UNIDAD | C39: CANTIDADES MÁXIMAS | D39: CANTIDAD MES | E39: VALOR. UNITARIO | F39: VALOR PARCIAL
D40: ="(11)" -> (11) | E40: ="(12)" -> (12) | F40: ="(11)*(12)=(13)" -> (11)*(12)=(13)
A41: Alcohol Antiséptico 70%. Ingrediente activo alcohol etílico potabilizado al 96%. Debe contar con registro INVIMA | B41: Litro | C41: 0,006 Litro por día por persona | D41: =ROUND(0.006*30*8,2) -> 1.44 | E41: 9714.39 | F41: =ROUND(D41*E41,2) -> 13988.72
A42: Gel Antibacterial . Antiséptico para manos. Anticorrosivo. PH entre 6 y 7,5. Gel en base Glicerina + Alcohol antiséptico al 70%. Contenido de agua máximo 30%. Adicionado con emulientes y humectantes.( Debe contar con registro INVIMA) | B42: Litro | C42: 0,003 litros por día por persona. | D42: =ROUND(0.003*30*8,2) -> 0.72 | E42: 13020.43 | F42: =ROUND(D42*E42,2) -> 9374.71
A43: Jabón líquido antibacterial (Agente limpiador 6%. Agente humectante 3%, PH 5,5 a 7,0.) | B43: Litro | C43: 0,005 litros por día por persona | D43: =ROUND(0.005*30*8,2) -> 1.2 | E43: 6624.92 | F43: =ROUND(D43*E43,2) -> 7949.9
A44: Hipoclorito de uso doméstico (Hipoclorito de sodio al 5%(NaOCl), solución acuosa, libre de partículas, de control bacteriológico y microbiológico) | B44: Litro | C44: 0,05 litros por cada litro de solución a 2500 ppm, para lavado rutinario. | D44: =ROUND(0.05*30*8,2) -> 12 | E44: 2631.51 | F44: =ROUND(D44*E44,2) -> 31578.12
A45: Tapabocas reutilizable en tela ( especificaciones de la Resolución 666 del 24 de abril de 2020 y el documento soporte GIPS18 expedidos por el Ministerio de Salud.) | B45: Unidad | C45: 4 unidades por mes por persona | D45: =ROUND(4*8,2) -> 32 | E45: 3802.5 | F45: =ROUND(D45*E45,2) -> 121680
A46: Toalla De Manos Doblada En Z Blanca Hoja Doble 3 Fajos | B46: Unidad | C46: 120 unidades por mes por persona | D46: =ROUND(4*30*8,2) -> 960 | E46: 120.02 | F46: =ROUND(D46*E46,2) -> 115219.2
A47: COSTO DIRECTO INSUMOS IMPLEMENTACION PROTOCOLO DE BIOSEGURIDAD POR COVID-19/MES = SUMATORIA (13) | F47: =SUM(F41:F46) -> 299790.65
A49: Nota 1: Se reconocerá a los Contratistas solamente gastos de administración, sobre el valor a pagar por el ítem de la Implementación del Protocolo de Bioseguridad por COVID-19, según la especificación técnica y no se reconocerá imprevistos ni utilidad o algún otro costo.
A53: Nota 2: Estos precios serán los valores máximos a reconocer, los cuales han sido obtenidos del Estudio de Mercado de la Secretaria de Agricultura del Departamento de Nariño. Los precios del listado estarán sujetos a modificaciones en caso de existir nuevos lineamientos por Colombia Compra Eficiente, insumos nuevos o que las condiciones locales no permitan conseguir estos precios.
